Workbook

Sheet PCF-Werte Rittal
A1: Identification | D1: Calculated Carbon data | K1: EPD/LCA data | M1: EPD/LCA data | P1: Reduce, Reuse, Recycle
A2: Art.No. | B2: ETIM Class Code | C2: GTIN | D2: Total | E2: Manufacturing | F2: Distribution | G2: Installation | H2: Use Phase | I2: End-of-life | J2: Carbon Footprint UoM | K2: Expiry Date | L2: Use phase Product Energy Consumption | M2: Use Phase Electricity Mix | N2: Asset URL | O2: Independent Verification | P2: Recycled Plastic Content | Q2: Recycled Metal Content | R2: Primary Packaging Material Percentage Recycled | S2: Renewable Primary Energy Share in Manufacturing
A3: 1003.000 | B3: EC000261 | C3: 4028177815063 | E3: 26.130271 | J3: kg CO2eq | K3: 2031-01 | L3: 0 | M3: 0 | N3: https://www.rittal.com/imf/none/20_3065/1003000_PCF_Deklaration_EN | O3: Internally | S3: 1
A4: 1005.000 | B4: EC000261 | C4: 4028177814943 | E4: 29.88261 | J4: kg CO2eq | K4: 2031-01 | L4: 0 | M4: 0 | N4: https://www.rittal.com/imf/none/20_3065/1003000_PCF_Deklaration_EN | O4: Internally | S4: 1
A5: 1006.000 | B5: EC000261 | C5: 4028177814950 | E5: 33.832227 | J5: kg CO2eq | K5: 2031-01 | L5: 0 | M5: 0 | N5: https://www.rittal.com/imf/none/20_3065/1003000_PCF_Deklaration_EN | O5: Internally | S5: 1
A6: 1007.000 | B6: EC000261 | C6: 4028177814967 | E6: 51.56381 | J6: kg CO2eq | K6: 2031-01 | L6: 0 | M6: 0 | N6: https://www.rittal.com/imf/none/20_3065/1003000_PCF_Deklaration_EN | O6: Internally | S6: 1
A7: 1008.000 | B7: EC000261 | C7: 4028177814974 | E7: 48.348272 | J7: kg CO2eq | K7: 2031-01 | L7: 0 | M7: 0 | N7: https://www.rittal.com/imf/none/20_3065/1003000_PCF_Deklaration_EN | O7: Internally | S7: 1
A8: 1009.000 | B8: EC000261 | C8: 4028177814981 | E8: 48.748751 | J8: kg CO2eq | K8: 2031-01 | L8: 0 | M8: 0 | N8: https://www.rittal.com/imf/none/20_3065/1003000_PCF_Deklaration_EN | O8: Internally | S8: 1
A9: 1010.000 | B9: EC000261 | C9: 4028177814998 | E9: 67.960166 | J9: kg CO2eq | K9: 2031-01 | L9: 0 | M9: 0 | N9: https://www.rittal.com/imf/none/20_3065/1003000_PCF_Deklaration_EN | O9: Internally | S9: 1
A10: 1011.000 | B10: EC000261 | C10: 4028177815117 | E10: 29.353617 | J10: kg CO2eq | K10: 2031-01 | L10: 0 | M10: 0 | N10: https://www.rittal.com/imf/none/20_3065/1003000_PCF_Deklaration_EN | O10: Internally | S10: 1
A11: 1012.000 | B11: EC000261 | C11: 4028177815001 | E11: 96.150154 | J11: kg CO2eq | K11: 2031-01 | L11: 0 | M11: 0 | N11: https://www.rittal.com/imf/none/20_3065/1003000_PCF_Deklaration_EN | O11: Internally | S11: 1
A12: 1013.000 | B12: EC000261 | C12: 4028177815131 | E12: 63.603708 | J12: kg CO2eq | K12: 2031-01 | L12: 0 | M12: 0 | N12: https://www.rittal.com/imf/none/20_3065/1003000_PCF_Deklaration_EN | O12: Internally | S12: 1
A13: 1014.000 | B13: EC000261 | C13: 4028177815018 | E13: 134.5455 | J13: kg CO2eq | K13: 2031-01 | L13: 0 | M13: 0 | N13: https://www.rittal.com/imf/none/20_3065/1003000_PCF_Deklaration_EN | O13: Internally | S13: 1
A14: 1015.000 | B14: EC000261 | C14: 4028177815124 | E14: 41.972494 | J14: kg CO2eq | K14: 2031-01 | L14: 0 | M14: 0 | N14: https://www.rittal.com/imf/none/20_3065/1003000_PCF_Deklaration_EN | O14: Internally | S14: 1
... A18: 1019.000 | B18: EC000261 | C18: 4028177815056 | E18: 242.97824 | J18: kg CO2eq | K18: 2031-01 | L18: 0 | M18: 0 | N18: https://www.rittal.com/imf/none/20_3065/1003000_PCF_Deklaration_EN | O18: Internally | S18: 1
A19: 1031.000 | B19: EC000261 | C19: 4028177813434 | D19: 47.17 | E19: 26.847731 | F19: 0.05220627 | G19: 9.9812 | H19: 0 | I19: 10.297749 | J19: kg CO2eq | K19: 2030-01 | L19: 0 | M19: 0 | N19: https://www.rittal.com/imf/none/20_2816/1031000_PCF_Deklaration_EN | O19: Externally | S19: 1
A20: 1033.000 | B20: EC000261 | C20: 4028177813458 | D20: 43.37 | E20: 23.090632 | F20: 0.044892079 | G20: 9.9812 | H20: 0 | I20: 10.252758 | J20: kg CO2eq | K20: 2030-01 | L20: 0 | M20: 0 | N20: https://www.rittal.com/imf/none/20_2816/1031000_PCF_Deklaration_EN | O20: Externally | S20: 1
A21: 1034.000 | B21: EC000261 | C21: 4028177813441 | D21: 47.64 | E21: 27.331695 | F21: 0.052941104 | G21: 9.9812 | H21: 0 | I21: 10.275259 | J21: kg CO2eq | K21: 2030-01 | L21: 0 | M21: 0 | N21: https://www.rittal.com/imf/none/20_2816/1031000_PCF_Deklaration_EN | O21: Externally | S21: 1
A22: 1037.000 | B22: EC000261 | C22: 4028177813298 | D22: 96.38 | E22: 75.477556 | F22: 0.1469695 | G22: 9.9812 | H22: 0 | I22: 10.771289 | J22: kg CO2eq | K22: 2030-01 | L22: 0 | M22: 0 | N22: https://www.rittal.com/imf/none/20_2816/1031000_PCF_Deklaration_EN | O22: Externally | S22: 1
A23: 1038.000 | B23: EC000261 | C23: 4028177813410 | D23: 64.907806 | E23: 44.23718 | F23: 0.086573741 | G23: 9.9812 | H23: 0 | I23: 10.602852 | J23: kg CO2eq | K23: 2030-01 | L23: 0 | M23: 0 | N23: https://www.rittal.com/imf/none/20_2816/1031000_PCF_Deklaration_EN | O23: Externally | S23: 1
A24: 1039.000 | B24: EC000261 | C24: 4028177813380 | D24: 65.433112 | E24: 44.900181 | F24: 0.086918752 | G24: 9.9812 | H24: 0 | I24: 10.464812 | J24: kg CO2eq | K24: 2030-01 | L24: 0 | M24: 0 | N24: https://www.rittal.com/imf/none/20_2816/1031000_PCF_Deklaration_EN | O24: Externally | S24: 1
A25: 1045.000 | B25: EC000261 | C25: 4028177813403 | D25: 58.99247 | E25: 38.480674 | F25: 0.074794888 | G25: 9.9812 | H25: 0 | I25: 10.455801 | J25: kg CO2eq | K25: 2030-01 | L25: 0 | M25: 0 | N25: https://www.rittal.com/imf/none/20_2816/1031000_PCF_Deklaration_EN | O25: Externally | S25: 1
A26: 1050.000 | B26: EC000261 | C26: 4028177813397 | D26: 67.729847 | E26: 47.212021 | F26: 0.091194199 | G26: 9.9812 | H26: 0 | I26: 10.445433 | J26: kg CO2eq | K26: 2030-01 | L26: 0 | M26: 0 | N26: https://www.rittal.com/imf/none/20_2816/1031000_PCF_Deklaration_EN | O26: Externally | S26: 1
A27: 1054.000 | B27: EC000261 | C27: 4028177813328 | D27: 93.702238 | E27: 72.939002 | F27: 0.14122728 | G27: 9.9812 | H27: 0 | I27: 10.640809 | J27: kg CO2eq | K27: 2030-01 | L27: 0 | M27: 0 | N27: https://www.rittal.com/imf/none/20_2816/1031000_PCF_Deklaration_EN | O27: Externally | S27: 1
A28: 1055.000 | B28: EC000261 | C28: 4028177813250 | D28: 126.15024 | E28: 105.03989 | F28: 0.20354318 | G28: 9.9812 | H28: 0 | I28: 10.925608 | J28: kg CO2eq | K28: 2030-01 | L28: 0 | M28: 0 | N28: https://www.rittal.com/imf/none/20_2816/1031000_PCF_Deklaration_EN | O28: Externally | S28: 1
A29: 1057.000 | B29: EC000261 | C29: 4028177813335 | D29: 95.887773 | E29: 75.144922 | F29: 0.14542962 | G29: 9.9812 | H29: 0 | I29: 10.616222 | J29: kg CO2eq | K29: 2030-01 | L29: 0 | M29: 0 | N29: https://www.rittal.com/imf/none/20_2816/1031000_PCF_Deklaration_EN | O29: Externally | S29: 1
A30: 1058.000 | B30: EC000261 | C30: 4028177813311 | D30: 116.31452 | E30: 95.200257 | F30: 0.18553334 | G30: 9.9812 | H30: 0 | I30: 10.947532 | J30: kg CO2eq | K30: 2030-01 | L30: 0 | M30: 0 | N30: https://www.rittal.com/imf/none/20_2816/1031000_PCF_Deklaration_EN | O30: Externally | S30: 1
... A51: 1281.000 | B51: EC000261 | C51: 4028177813106 | D51: 223.29205 | E51: 201.16091 | F51: 0.38951266 | G51: 9.9812 | H51: 0 | I51: 11.760422 | J51: kg CO2eq | K51: 2030-01 | L51: 0 | M51: 0 | N51: https://www.rittal.com/imf/none/20_2816/1031000_PCF_Deklaration_EN | O51: Externally | S51: 1
A52: 1301.000 | B52: EC000261 | C52: 4028177919037 | E52: 13.502997 | J52: kg CO2eq | K52: 2031-01 | L52: 0 | M52: 0 | N52: https://www.rittal.com/imf/none/20_3073/1560000_PCF_Deklaration_EN | O52: Internally | S52: 1
A53: 1302.000 | B53: EC000261 | C53: 4028177815070 | E53: 33.710421 | J53: kg CO2eq | K53: 2031-01 | L53: 0 | M53: 0 | N53: https://www.rittal.com/imf/none/20_3065/1003000_PCF_Deklaration_EN | O53: Internally | S53: 1
A54: 1302.600 | B54: EC000261 | C54: 4028177567597 | E54: 22.984931 | J54: kg CO2eq | K54: 2031-01 | L54: 0 | M54: 0 | N54: https://www.rittal.com/imf/none/20_3069/1302600_PCF_Deklaration_EN | O54: Internally | S54: 1
A55: 1303.000 | B55: EC000261 | C55: 4028177815087 | E55: 38.076292 | J55: kg CO2eq | K55: 2031-01 | L55: 0 | M55: 0 | N55: https://www.rittal.com/imf/none/20_3065/1003000_PCF_Deklaration_EN | O55: Internally | S55: 1
A56: 1304.000 | B56: EC000261 | C56: 4028177815094 | E56: 74.802245 | J56: kg CO2eq | K56: 2031-01 | L56: 0 | M56: 0 | N56: https://www.rittal.com/imf/none/20_3065/1003000_PCF_Deklaration_EN | O56: Internally | S56: 1
A57: 1304.600 | B57: EC000261 | C57: 4028177967465 | E57: 35.477148 | J57: kg CO2eq | K57: 2031-01 | L57: 0 | M57: 0 | N57: https://www.rittal.com/imf/none/20_3069/1302600_PCF_Deklaration_EN | O57: Internally | S57: 1
A58: 1305.000 | B58: EC000261 | C58: 4028177815100 | E58: 242.97824 | J58: kg CO2eq | K58: 2031-01 | L58: 0 | M58: 0 | N58: https://www.rittal.com/imf/none/20_3065/1003000_PCF_Deklaration_EN | O58: Internally | S58: 1
A59: 1305.600 | B59: EC000261 | C59: 4028177967458 | E59: 56.830928 | J59: kg CO2eq | K59: 2031-01 | L59: 0 | M59: 0 | N59: https://www.rittal.com/imf/none/20_3069/1302600_PCF_Deklaration_EN | O59: Internally | S59: 1
A60: 1306.600 | B60: EC000261 | C60: 4028177567603 | E60: 41.60285 | J60: kg CO2eq | K60: 2031-01 | L60: 0 | M60: 0 | N60: https://www.rittal.com/imf/none/20_3069/1302600_PCF_Deklaration_EN | O60: Internally | S60: 1
A61: 1307.600 | B61: EC000261 | C61: 4028177567627 | E61: 62.15906 | J61: kg CO2eq | K61: 2031-01 | L61: 0 | M61: 0 | N61: https://www.rittal.com/imf/none/20_3069/1302600_PCF_Deklaration_EN | O61: Internally | S61: 1
A62: 1308.600 | B62: EC000261 | C62: 4028177567634 | E62: 57.469979 | J62: kg CO2eq | K62: 2031-01 | L62: 0 | M62: 0 | N62: https://www.rittal.com/imf/none/20_3069/1302600_PCF_Deklaration_EN | O62: Internally | S62: 1
A63: 1310.600 | B63: EC000261 | C63: 4028177567610 | E63: 85.634007 | J63: kg CO2eq | K63: 2031-01 | L63: 0 | M63: 0 | N63: https://www.rittal.com/imf/none/20_3069/1302600_PCF_Deklaration_EN | O63: Internally | S63: 1
... A72: 1320.600 | B72: EC000261 | C72: 4028177567665 | E72: 70.079771 | J72: kg CO2eq | K72: 2031-01 | L72: 0 | M72: 0 | N72: https://www.rittal.com/imf/none/20_3069/1302600_PCF_Deklaration_EN | O72: Internally | S72: 1
A73: 1338.000 | B73: EC000261 | C73: 4028177813182 | D73: 88.396114 | E73: 67.704895 | F73: 0.13118488 | G73: 9.9812 | H73: 0 | I73: 10.578835 | J73: kg CO2eq | K73: 2030-01 | L73: 0 | M73: 0 | N73: https://www.rittal.com/imf/none/20_2816/1031000_PCF_Deklaration_EN | O73: Externally | S73: 1
A74: 1339.000 | B74: EC000261 | C74: 4028177813175 | D74: 89.474013 | E74: 68.678547 | F74: 0.13370748 | G74: 9.9812 | H74: 0 | I74: 10.680559 | J74: kg CO2eq | K74: 2030-01 | L74: 0 | M74: 0 | N74: https://www.rittal.com/imf/none/20_2816/1031000_PCF_Deklaration_EN | O74: Externally | S74: 1
A75: 1350.000 | B75: EC000261 | C75: 4028177813281 | D75: 84.751409 | E75: 64.061986 | F75: 0.12422219 | G75: 9.9812 | H75: 0 | I75: 10.584001 | J75: kg CO2eq | K75: 2030-01 | L75: 0 | M75: 0 | N75: https://www.rittal.com/imf/none/20_2816/1031000_PCF_Deklaration_EN | O75: Externally | S75: 1
A76: 1360.000 | B76: EC000261 | C76: 4028177813168 | D76: 109.78207 | E76: 88.840068 | F76: 0.17236154 | G76: 9.9812 | H76: 0 | I76: 10.788436 | J76: kg CO2eq | K76: 2030-01 | L76: 0 | M76: 0 | N76: https://www.rittal.com/imf/none/20_2816/1031000_PCF_Deklaration_EN | O76: Externally | S76: 1
A77: 1376.000 | B77: EC000261 | C77: 4028177813151 | D77: 129.41942 | E77: 108.33485 | F77: 0.21002102 | G77: 9.9812 | H77: 0 | I77: 10.893343 | J77: kg CO2eq | K77: 2030-01 | L77: 0 | M77: 0 | N77: https://www.rittal.com/imf/none/20_2816/1031000_PCF_Deklaration_EN | O77: Externally | S77: 1
A78: 1380.000 | B78: EC000261 | C78: 4028177813427 | D78: 51.21093 | E78: 30.850776 | F78: 0.059852194 | G78: 9.9812 | H78: 0 | I78: 10.319103 | J78: kg CO2eq | K78: 2030-01 | L78: 0 | M78: 0 | N78: https://www.rittal.com/imf/none/20_2816/1031000_PCF_Deklaration_EN | O78: Externally | S78: 1
A79: 1500.000 | B79: EC000261 | C79: 4028177816145 | D79: 25.712284 | E79: 5.6683124 | F79: 0.010652116 | G79: 9.9812 | H79: 0 | I79: 10.052119 | J79: kg CO2eq | K79: 2030-01 | L79: 0 | M79: 0 | N79: https://www.rittal.com/imf/none/20_2818/1500000_PCF_Deklaration_EN | O79: Externally | S79: 1
A80: 1501.000 | B80: EC000261 | C80: 4028177816152 | D80: 28.168844 | E80: 8.0869103 | F80: 0.015239957 | G80: 9.9812 | H80: 0 | I80: 10.085494 | J80: kg CO2eq | K80: 2030-01 | L80: 0 | M80: 0 | N80: https://www.rittal.com/imf/none/20_2818/1500000_PCF_Deklaration_EN | O80: Externally | S80: 1
A81: 1502.000 | B81: EC000261 | C81: 4028177816169 | D81: 27.571258 | E81: 7.5000904 | F81: 0.014114351 | G81: 9.9812 | H81: 0 | I81: 10.075854 | J81: kg CO2eq | K81: 2030-01 | L81: 0 | M81: 0 | N81: https://www.rittal.com/imf/none/20_2818/1500000_PCF_Deklaration_EN | O81: Externally | S81: 1
A82: 1503.000 | B82: EC000261 | C82: 4028177816176 | D82: 29.501226 | E82: 9.3998955 | F82: 0.017725739 | G82: 9.9812 | H82: 0 | I82: 10.102405 | J82: kg CO2eq | K82: 2030-01 | L82: 0 | M82: 0 | N82: https://www.rittal.com/imf/none/20_2818/1500000_PCF_Deklaration_EN | O82: Externally | S82: 1
A83: 1504.000 | B83: EC000261 | C83: 4028177816183 | D83: 31.435257 | E83: 11.303713 | F83: 0.021347167 | G83: 9.9812 | H83: 0 | I83: 10.128997 | J83: kg CO2eq | K83: 2030-01 | L83: 0 | M83: 0 | N83: https://www.rittal.com/imf/none/20_2818/1500000_PCF_Deklaration_EN | O83: Externally | S83: 1
A84: 1505.000 | B84: EC000261 | C84: 4028177816190 | D84: 33.366231 | E84: 13.204474 | F84: 0.024968595 | G84: 9.9812 | H84: 0 | I84: 10.155589 | J84: kg CO2eq | K84: 2030-01 | L84: 0 | M84: 0 | N84: https://www.rittal.com/imf/none/20_2818/1500000_PCF_Deklaration_EN | O84: Externally | S84: 1
... A124: 1557.000 | B124: EC000261 | C124: 4028177816596 | D124: 36.338137 | E124: 16.135814 | F124: 0.031001812 | G124: 9.9812 | H124: 0 | I124: 10.190121 | J124: kg CO2eq | K124: 2030-01 | L124: 0 | M124: 0 | N124: https://www.rittal.com/imf/none/20_2818/1500000_PCF_Deklaration_EN | O124: Externally | S124: 1
A125: 1560.000 | B125: EC000261 | C125: 4028177919174 | E125: 5.2386234 | J125: kg CO2eq | K125: 2031-01 | L125: 0 | M125: 0 | N125: https://www.rittal.com/imf/none/20_3073/1560000_PCF_Deklaration_EN | O125: Internally | S125: 1
A126: 1561.000 | B126: EC000261 | C126: 4028177919181 | E126: 7.8580009 | J126: kg CO2eq | K126: 2031-01 | L126: 0 | M126: 0 | N126: https://www.rittal.com/imf/none/20_3073/1560000_PCF_Deklaration_EN | O126: Internally | S126: 1
A127: 1562.000 | B127: EC000261 | C127: 4028177919044 | E127: 7.1118344 | J127: kg CO2eq | K127: 2031-01 | L127: 0 | M127: 0 | N127: https://www.rittal.com/imf/none/20_3073/1560000_PCF_Deklaration_EN | O127: Internally | S127: 1
A128: 1563.000 | B128: EC000261 | C128: 4028177919198 | E128: 9.2347808 | J128: kg CO2eq | K128: 2031-01 | L128: 0 | M128: 0 | N128: https://www.rittal.com/imf/none/20_3073/1560000_PCF_Deklaration_EN | O128: Internally | S128: 1
A129: 1564.000 | B129: EC000261 | C129: 4028177919051 | E129: 6.7428652 | J129: kg CO2eq | K129: 2031-01 | L129: 0 | M129: 0 | N129: https://www.rittal.com/imf/none/20_3073/1560000_PCF_Deklaration_EN | O129: Internally | S129: 1
A130: 1565.000 | B130: EC000261 | C130: 4028177919068 | E130: 8.9572195 | J130: kg CO2eq | K130: 2031-01 | L130: 0 | M130: 0 | N130: https://www.rittal.com/imf/none/20_3073/1560000_PCF_Deklaration_EN | O130: Internally | S130: 1
A131: 1566.000 | B131: EC000261 | C131: 4028177919204 | E131: 11.333525 | J131: kg CO2eq | K131: 2031-01 | L131: 0 | M131: 0 | N131: https://www.rittal.com/imf/none/20_3073/1560000_PCF_Deklaration_EN | O131: Internally | S131: 1
A132: 1567.000 | B132: EC000261 | C132: 4028177919075 | E132: 14.361216 | J132: kg CO2eq | K132: 2031-01 | L132: 0 | M132: 0 | N132: https://www.rittal.com/imf/none/20_3073/1560000_PCF_Deklaration_EN | O132: Internally | S132: 1
A133: 1568.000 | B133: EC000261 | C133: 4028177919082 | E133: 13.679746 | J133: kg CO2eq | K133: 2031-01 | L133: 0 | M133: 0 | N133: https://www.rittal.com/imf/none/20_3073/1560000_PCF_Deklaration_EN | O133: Internally | S133: 1
A134: 1569.000 | B134: EC000261 | C134: 4028177919211 | E134: 17.382461 | J134: kg CO2eq | K134: 2031-01 | L134: 0 | M134: 0 | N134: https://www.rittal.com/imf/none/20_3073/1560000_PCF_Deklaration_EN | O134: Internally | S134: 1
A135: 1574.000 | B135: EC000261 | C135: 4028177816602 | D135: 33.244137 | E135: 13.100456 | F135: 0.024858455 | G135: 9.9812 | H135: 0 | I135: 10.137623 | J135: kg CO2eq | K135: 2030-01 | L135: 0 | M135: 0 | N135: https://www.rittal.com/imf/none/20_2818/1500000_PCF_Deklaration_EN | O135: Externally | S135: 1
A136: 1575.000 | B136: EC000261 | C136: 4028177816619 | D136: 36.826586 | E136: 16.630208 | F136: 0.031680432 | G136: 9.9812 | H136: 0 | I136: 10.183497 | J136: kg CO2eq | K136: 2030-01 | L136: 0 | M136: 0 | N136: https://www.rittal.com/imf/none/20_2818/1500000_PCF_Deklaration_EN | O136: Externally | S136: 1
A137: 1576.000 | B137: EC000261 | C137: 4028177816626 | D137: 39.422071 | E137: 19.195477 | F137: 0.036561604 | G137: 9.9812 | H137: 0 | I137: 10.208832 | J137: kg CO2eq | K137: 2030-01 | L137: 0 | M137: 0 | N137: https://www.rittal.com/imf/none/20_2818/1500000_PCF_Deklaration_EN | O137: Externally | S137: 1
A138: 1577.000 | B138: EC000261 | C138: 4028177816633 | D138: 40.175568 | E138: 19.9216 | F138: 0.038086862 | G138: 9.9812 | H138: 0 | I138: 10.234681 | J138: kg CO2eq | K138: 2030-01 | L138: 0 | M138: 0 | N138: https://www.rittal.com/imf/none/20_2818/1500000_PCF_Deklaration_EN | O138: Externally | S138: 1
A139: 1578.000 | B139: EC000261 | C139: 4028177816640 | D139: 47.306781 | E139: 26.953437 | F139: 0.051748101 | G139: 9.9812 | H139: 0 | I139: 10.320396 | J139: kg CO2eq | K139: 2030-01 | L139: 0 | M139: 0 | N139: https://www.rittal.com/imf/none/20_2818/1500000_PCF_Deklaration_EN | O139: Externally | S139: 1
A140: 1579.000 | B140: EC000261 | C140: 4028177816657 | D140: 55.91189 | E140: 35.43334 | F140: 0.069219521 | G140: 9.9812 | H140: 0 | I140: 10.428131 | J140: kg CO2eq | K140: 2030-01 | L140: 0 | M140: 0 | N140: https://www.rittal.com/imf/none/20_2818/1500000_PCF_Deklaration_EN | O140: Externally | S140: 1
A141: 1584.000 | B141: EC000261 | C141: 4028177919105 | E141: 11.35573 | J141: kg CO2eq | K141: 2031-01 | L141: 0 | M141: 0 | N141: https://www.rittal.com/imf/none/20_3073/1560000_PCF_Deklaration_EN | O141: Internally | S141: 1
A142: 1585.000 | B142: EC000261 | C142: 4028177919112 | E142: 13.749943 | J142: kg CO2eq | K142: 2031-01 | L142: 0 | M142: 0 | N142: https://www.rittal.com/imf/none/20_3073/1560000_PCF_Deklaration_EN | O142: Internally | S142: 1
A143: 1586.000 | B143: EC000261 | C143: 4028177919129 | E143: 18.488227 | J143: kg CO2eq | K143: 2031-01 | L143: 0 | M143: 0 | N143: https://www.rittal.com/imf/none/20_3073/1560000_PCF_Deklaration_EN | O143: Internally | S143: 1
A144: 1587.000 | B144: EC000261 | C144: 4028177919136 | E144: 13.502997 | J144: kg CO2eq | K144: 2031-01 | L144: 0 | M144: 0 | N144: https://www.rittal.com/imf/none/20_3073/1560000_PCF_Deklaration_EN | O144: Internally | S144: 1
A145: 1588.000 | B145: EC000261 | C145: 4028177919143 | E145: 24.040448 | J145: kg CO2eq | K145: 2031-01 | L145: 0 | M145: 0 | N145: https://www.rittal.com/imf/none/20_3073/1560000_PCF_Deklaration_EN | O145: Internally | S145: 1
A146: 1589.000 | B146: EC000261 | C146: 4028177816664 | D146: 29.874918 | E146: 9.7423212 | F146: 0.018554537 | G146: 9.9812 | H146: 0 | I146: 10.132842 | J146: kg CO2eq | K146: 2030-01 | L146: 0 | M146: 0 | N146: https://www.rittal.com/imf/none/20_2818/1500000_PCF_Deklaration_EN | O146: Externally | S146: 1
A147: 1610.000 | B147: EC000261 | C147: 4028177816671 | D147: 35.212544 | E147: 14.896295 | F147: 0.028561654 | G147: 9.9812 | H147: 0 | I147: 10.306487 | J147: kg CO2eq | K147: 2030-01 | L147: 0 | M147: 0 | N147: https://www.rittal.com/imf/none/20_2818/1500000_PCF_Deklaration_EN | O147: Externally | S147: 1
A148: 1611.000 | B148: EC000261 | C148: 4028177816688 | D148: 38.397222 | E148: 18.160273 | F148: 0.033925792 | G148: 9.9812 | H148: 0 | I148: 10.221823 | J148: kg CO2eq | K148: 2030-01 | L148: 0 | M148: 0 | N148: https://www.rittal.com/imf/none/20_2818/1500000_PCF_Deklaration_EN | O148: Externally | S148: 1
A149: 1612.000 | B149: EC000261 | C149: 4028177816695 | D149: 43.929919 | E149: 23.602235 | F149: 0.04447118 | G149: 9.9812 | H149: 0 | I149: 10.302013 | J149: kg CO2eq | K149: 2030-01 | L149: 0 | M149: 0 | N149: https://www.rittal.com/imf/none/20_2818/1500000_PCF_Deklaration_EN | O149: Externally | S149: 1
A150: 1613.000 | B150: EC000261 | C150: 4028177816701 | D150: 49.295124 | E150: 28.875383 | F150: 0.054650109 | G150: 9.9812 | H150: 0 | I150: 10.383891 | J150: kg CO2eq | K150: 2030-01 | L150: 0 | M150: 0 | N150: https://www.rittal.com/imf/none/20_2818/1500000_PCF_Deklaration_EN | O150: Externally | S150: 1
A151: 1670.600 | B151: EC002713 | C151: 4028177639737 | E151: 6.453 | J151: kg CO2eq | K151: 2031-01 | L151: 0 | M151: 0 | N151: https://www.rittal.com/imf/none/20_3067/1670600_PCF_Deklaration_EN | O151: Internally | S151: 1
A152: 1671.600 | B152: EC002713 | C152: 4028177639744 | E152: 9.4962353 | J152: kg CO2eq | K152: 2031-01 | L152: 0 | M152: 0 | N152: https://www.rittal.com/imf/none/20_3067/1670600_PCF_Deklaration_EN | O152: Internally | S152: 1
A153: 1672.600 | B153: EC002713 | C153: 4028177639751 | E153: 11.519646 | J153: kg CO2eq | K153: 2031-01 | L153: 0 | M153: 0 | N153: https://www.rittal.com/imf/none/20_3067/1670600_PCF_Deklaration_EN | O153: Internally | S153: 1
A154: 1674.600 | B154: EC002713 | C154: 4028177639768 | E154: 14.394991 | J154: kg CO2eq | K154: 2031-01 | L154: 0 | M154: 0 | N154: https://www.rittal.com/imf/none/20_3067/1670600_PCF_Deklaration_EN | O154: Internally | S154: 1
A155: 1675.600 | B155: EC002713 | C155: 4028177639775 | E155: 17.023848 | J155: kg CO2eq | K155: 2031-01 | L155: 0 | M155: 0 | N155: https://www.rittal.com/imf/none/20_3067/1670600_PCF_Deklaration_EN | O155: Internally | S155: 1
A156: 1676.600 | B156: EC002713 | C156: 4028177662728 | E156: 21.202606 | J156: kg CO2eq | K156: 2031-01 | L156: 0 | M156: 0 | N156: https://www.rittal.com/imf/none/20_3067/1670600_PCF_Deklaration_EN | O156: Internally | S156: 1
A157: 1681.600 | B157: EC002713 | C157: 4028177958661 | E157: 11.634455 | J157: kg CO2eq | K157: 2031-01 | L157: 0 | M157: 0 | N157: https://www.rittal.com/imf/none/20_3067/1670600_PCF_Deklaration_EN | O157: Internally | S157: 1
A158: 1681.630 | B158: EC002713 | C158: 4028177995482 | E158: 11.634455 | J158: kg CO2eq | K158: 2031-01 | L158: 0 | M158: 0 | N158: https://www.rittal.com/imf/none/20_3067/1670600_PCF_Deklaration_EN | O158: Internally | S158: 1
A159: 1682.600 | B159: EC000261 | C159: 4028177958678 | E159: 14.23416 | J159: kg CO2eq | K159: 2031-01 | L159: 0 | M159: 0 | N159: https://www.rittal.com/imf/none/20_3067/1670600_PCF_Deklaration_EN | O159: Internally | S159: 1
A160: 1682.630 | B160: EC000261 | C160: 4028177995475 | E160: 14.23416 | J160: kg CO2eq | K160: 2031-01 | L160: 0 | M160: 0 | N160: https://www.rittal.com/imf/none/20_3067/1670600_PCF_Deklaration_EN | O160: Internally | S160: 1
A161: 1683.600 | B161: EC002713 | C161: 4028177958685 | E161: 7.3851298 | J161: kg CO2eq | K161: 2031-01 | L161: 0 | M161: 0 | N161: https://www.rittal.com/imf/none/20_3067/1670600_PCF_Deklaration_EN | O161: Internally | S161: 1
A162: 1683.630 | B162: EC002713 | C162: 4028177995468 | E162: 7.3851298 | J162: kg CO2eq | K162: 2031-01 | L162: 0 | M162: 0 | N162: https://www.rittal.com/imf/none/20_3067/1670600_PCF_Deklaration_EN | O162: Internally | S162: 1
... A164: 1686.600 | B164: EC002713 | C164: 4028177965942 | E164: 10.222893 | J164: kg CO2eq | K164: 2031-01 | L164: 0 | M164: 0 | N164: https://www.rittal.com/imf/none/20_3067/1670600_PCF_Deklaration_EN | O164: Internally | S164: 1
A165: 2313.150 | B165: EC002620 | C165: 4028177020986 | E165: 4.87041 | J165: kg CO2eq | K165: 2031-01 | L165: 0 | M165: 0 | N165: https://www.rittal.com/imf/none/20_3036/2313150_PCF_Deklaration_EN | O165: Internally
A166: 2313.750 | B166: EC002620 | C166: 4028177020993 | E166: 2.4744825 | J166: kg CO2eq | K166: 2031-01 | L166: 0 | M166: 0 | N166: https://www.rittal.com/imf/none/20_3036/2313150_PCF_Deklaration_EN | O166: Internally
A167: 2318.000 | B167: EC002620 | C167: 4028177021082 | E167: 1.194036 | J167: kg CO2eq | K167: 2031-01 | L167: 0 | M167: 0 | N167: https://www.rittal.com/imf/none/20_3038/2318000_PCF_Deklaration_EN | O167: Internally
A168: 2319.000 | B168: EC002620 | C168: 4028177021105 | E168: 1.3432905 | J168: kg CO2eq | K168: 2031-01 | L168: 0 | M168: 0 | N168: https://www.rittal.com/imf/none/20_3038/2318000_PCF_Deklaration_EN | O168: Internally
A169: 2384.010 | B169: EC000261 | C169: 4028177529403 | E169: 2.6363608 | J169: kg CO2eq | K169: 2031-01 | L169: 0 | M169: 0 | N169: https://www.rittal.com/imf/none/20_3071/2384010_PCF_Deklaration_EN | O169: Internally
A170: 2384.020 | B170: EC000261 | C170: 4028177529410 | E170: 3.8333732 | J170: kg CO2eq | K170: 2031-01 | L170: 0 | M170: 0 | N170: https://www.rittal.com/imf/none/20_3071/2384010_PCF_Deklaration_EN | O170: Internally
A171: 2384.030 | B171: EC000261 | C171: 4028177529434 | E171: 4.4632633 | J171: kg CO2eq | K171: 2031-01 | L171: 0 | M171: 0 | N171: https://www.rittal.com/imf/none/20_3071/2384010_PCF_Deklaration_EN | O171: Internally
...

Sheet 2BA NL
A1: ManufacturerGLN | B1: ProductCode | C1: GwpTotal | D1: LifeCycleStage | E1: DeclaredQuantity | F1: Declared Unit Unit | G1: ValidFrom | H1: ValidTo | I1: Third Party Verification | J1: Product short description (optional)
A2: =_xlfn.XLOOKUP(B2,'PCF-Werte Rittal'!A:A,'PCF-Werte Rittal'!C:C) -> 4028177815063 | B2: ='PCF-Werte Rittal'!A3 -> 1003.000 | C2: {=_xlfn.XLOOKUP(B2,'PCF-Werte Rittal'!A:A,IF('PCF-Werte Rittal'!D:D<>"",'PCF-Werte Rittal'!D:D,'PCF-Werte Rittal'!E:E),"")} -> 26.130271 | D2: =IF(_xlfn.XLOOKUP(B2,'PCF-Werte Rittal'!A:A,'PCF-Werte Rittal'!D:D,"")="","A1 - A3","A1 - D") -> A1 - A3 | E2: 1 | F2: PCE | G2: {=_xlfn.IFS(H2="2030-01","2025-01",H2="2031-01","2026-01")} -> 2026-01 | H2: =_xlfn.XLOOKUP(B2,'PCF-Werte Rittal'!A:A,'PCF-Werte Rittal'!K:K) -> 2031-01 | I2: =_xlfn.XLOOKUP(B2,'PCF-Werte Rittal'!A:A,'PCF-Werte Rittal'!O:O) -> Internally | J2: P3 Switch Disconnector, Rear mount with Neutral Block
A3: =_xlfn.XLOOKUP(B3,'PCF-Werte Rittal'!A:A,'PCF-Werte Rittal'!C:C) -> 4028177814943 | B3: ='PCF-Werte Rittal'!A4 -> 1005.000 | C3: {=_xlfn.XLOOKUP(B3,'PCF-Werte Rittal'!A:A,IF('PCF-Werte Rittal'!D:D<>"",'PCF-Werte Rittal'!D:D,'PCF-Werte Rittal'!E:E),"")} -> 29.88261 | D3: =IF(_xlfn.XLOOKUP(B3,'PCF-Werte Rittal'!A:A,'PCF-Werte Rittal'!D:D,"")="","A1 - A3","A1 - D") -> A1 - A3 | E3: 1 | F3: PCE | G3: {=_xlfn.IFS(H3="2030-01","2025-01",H3="2031-01","2026-01")} -> 2026-01 | H3: =_xlfn.XLOOKUP(B3,'PCF-Werte Rittal'!A:A,'PCF-Werte Rittal'!K:K) -> 2031-01 | I3: =_xlfn.XLOOKUP(B3,'PCF-Werte Rittal'!A:A,'PCF-Werte Rittal'!O:O) -> Internally
A4: =_xlfn.XLOOKUP(B4,'PCF-Werte Rittal'!A:A,'PCF-Werte Rittal'!C:C) -> 4028177814950 | B4: ='PCF-Werte Rittal'!A5 -> 1006.000 | C4: {=_xlfn.XLOOKUP(B4,'PCF-Werte Rittal'!A:A,IF('PCF-Werte Rittal'!D:D<>"",'PCF-Werte Rittal'!D:D,'PCF-Werte Rittal'!E:E),"")} -> 33.832227 | D4: =IF(_xlfn.XLOOKUP(B4,'PCF-Werte Rittal'!A:A,'PCF-Werte Rittal'!D:D,"")="","A1 - A3","A1 - D") -> A1 - A3 | E4: 1 | F4: PCE | G4: {=_xlfn.IFS(H4="2030-01","2025-01",H4="2031-01","2026-01")} -> 2026-01 | H4: =_xlfn.XLOOKUP(B4,'PCF-Werte Rittal'!A:A,'PCF-Werte Rittal'!K:K) -> 2031-01 | I4: =_xlfn.XLOOKUP(B4,'PCF-Werte Rittal'!A:A,'PCF-Werte Rittal'!O:O) -> Internally
A5: =_xlfn.XLOOKUP(B5,'PCF-Werte Rittal'!A:A,'PCF-Werte Rittal'!C:C) -> 4028177814967 | B5: ='PCF-Werte Rittal'!A6 -> 1007.000 | C5: {=_xlfn.XLOOKUP(B5,'PCF-Werte Rittal'!A:A,IF('PCF-Werte Rittal'!D:D<>"",'PCF-Werte Rittal'!D:D,'PCF-Werte Rittal'!E:E),"")} -> 51.56381 | D5: =IF(_xlfn.XLOOKUP(B5,'PCF-Werte Rittal'!A:A,'PCF-Werte Rittal'!D:D,"")="","A1 - A3","A1 - D") -> A1 - A3 | E5: 1 | F5: PCE | G5: {=_xlfn.IFS(H5="2030-01","2025-01",H5="2031-01","2026-01")} -> 2026-01 | H5: =_xlfn.XLOOKUP(B5,'PCF-Werte Rittal'!A:A,'PCF-Werte Rittal'!K:K) -> 2031-01 | I5: =_xlfn.XLOOKUP(B5,'PCF-Werte Rittal'!A:A,'PCF-Werte Rittal'!O:O) -> Internally
A6: =_xlfn.XLOOKUP(B6,'PCF-Werte Rittal'!A:A,'PCF-Werte Rittal'!C:C) -> 4028177814974 | B6: ='PCF-Werte Rittal'!A7 -> 1008.000 | C6: {=_xlfn.XLOOKUP(B6,'PCF-Werte Rittal'!A:A,IF('PCF-Werte Rittal'!D:D<>"",'PCF-Werte Rittal'!D:D,'PCF-Werte Rittal'!E:E),"")} -> 48.348272 | D6: =IF(_xlfn.XLOOKUP(B6,'PCF-Werte Rittal'!A:A,'PCF-Werte Rittal'!D:D,"")="","A1 - A3","A1 - D") -> A1 - A3 | E6: 1 | F6: PCE | G6: {=_xlfn.IFS(H6="2030-01","2025-01",H6="2031-01","2026-01")} -> 2026-01 | H6: =_xlfn.XLOOKUP(B6,'PCF-Werte Rittal'!A:A,'PCF-Werte Rittal'!K:K) -> 2031-01 | I6: =_xlfn.XLOOKUP(B6,'PCF-Werte Rittal'!A:A,'PCF-Werte Rittal'!O:O) -> Internally
A7: =_xlfn.XLOOKUP(B7,'PCF-Werte Rittal'!A:A,'PCF-Werte Rittal'!C:C) -> 4028177814981 | B7: ='PCF-Werte Rittal'!A8 -> 1009.000 | C7: {=_xlfn.XLOOKUP(B7,'PCF-Werte Rittal'!A:A,IF('PCF-Werte Rittal'!D:D<>"",'PCF-Werte Rittal'!D:D,'PCF-Werte Rittal'!E:E),"")} -> 48.748751 | D7: =IF(_xlfn.XLOOKUP(B7,'PCF-Werte Rittal'!A:A,'PCF-Werte Rittal'!D:D,"")="","A1 - A3","A1 - D") -> A1 - A3 | E7: 1 | F7: PCE | G7: {=_xlfn.IFS(H7="2030-01","2025-01",H7="2031-01","2026-01")} -> 2026-01 | H7: =_xlfn.XLOOKUP(B7,'PCF-Werte Rittal'!A:A,'PCF-Werte Rittal'!K:K) -> 2031-01 | I7: =_xlfn.XLOOKUP(B7,'PCF-Werte Rittal'!A:A,'PCF-Werte Rittal'!O:O) -> Internally
A8: =_xlfn.XLOOKUP(B8,'PCF-Werte Rittal'!A:A,'PCF-Werte Rittal'!C:C) -> 4028177814998 | B8: ='PCF-Werte Rittal'!A9 -> 1010.000 | C8: {=_xlfn.XLOOKUP(B8,'PCF-Werte Rittal'!A:A,IF('PCF-Werte Rittal'!D:D<>"",'PCF-Werte Rittal'!D:D,'PCF-Werte Rittal'!E:E),"")} -> 67.960166 | D8: =IF(_xlfn.XLOOKUP(B8,'PCF-Werte Rittal'!A:A,'PCF-Werte Rittal'!D:D,"")="","A1 - A3","A1 - D") -> A1 - A3 | E8: 1 | F8: PCE | G8: {=_xlfn.IFS(H8="2030-01","2025-01",H8="2031-01","2026-01")} -> 2026-01 | H8: =_xlfn.XLOOKUP(B8,'PCF-Werte Rittal'!A:A,'PCF-Werte Rittal'!K:K) -> 2031-01 | I8: =_xlfn.XLOOKUP(B8,'PCF-Werte Rittal'!A:A,'PCF-Werte Rittal'!O:O) -> Internally
A9: =_xlfn.XLOOKUP(B9,'PCF-Werte Rittal'!A:A,'PCF-Werte Rittal'!C:C) -> 4028177815117 | B9: ='PCF-Werte Rittal'!A10 -> 1011.000 | C9: {=_xlfn.XLOOKUP(B9,'PCF-Werte Rittal'!A:A,IF('PCF-Werte Rittal'!D:D<>"",'PCF-Werte Rittal'!D:D,'PCF-Werte Rittal'!E:E),"")} -> 29.353617 | D9: =IF(_xlfn.XLOOKUP(B9,'PCF-Werte Rittal'!A:A,'PCF-Werte Rittal'!D:D,"")="","A1 - A3","A1 - D") -> A1 - A3 | E9: 1 | F9: PCE | G9: {=_xlfn.IFS(H9="2030-01","2025-01",H9="2031-01","2026-01")} -> 2026-01 | H9: =_xlfn.XLOOKUP(B9,'PCF-Werte Rittal'!A:A,'PCF-Werte Rittal'!K:K) -> 2031-01 | I9: =_xlfn.XLOOKUP(B9,'PCF-Werte Rittal'!A:A,'PCF-Werte Rittal'!O:O) -> Internally
A10: =_xlfn.XLOOKUP(B10,'PCF-Werte Rittal'!A:A,'PCF-Werte Rittal'!C:C) -> 4028177815001 | B10: ='PCF-Werte Rittal'!A11 -> 1012.000 | C10: {=_xlfn.XLOOKUP(B10,'PCF-Werte Rittal'!A:A,IF('PCF-Werte Rittal'!D:D<>"",'PCF-Werte Rittal'!D:D,'PCF-Werte Rittal'!E:E),"")} -> 96.150154 | D10: =IF(_xlfn.XLOOKUP(B10,'PCF-Werte Rittal'!A:A,'PCF-Werte Rittal'!D:D,"")="","A1 - A3","A1 - D") -> A1 - A3 | E10: 1 | F10: PCE | G10: {=_xlfn.IFS(H10="2030-01","2025-01",H10="2031-01","2026-01")} -> 2026-01 | H10: =_xlfn.XLOOKUP(B10,'PCF-Werte Rittal'!A:A,'PCF-Werte Rittal'!K:K) -> 2031-01 | I10: =_xlfn.XLOOKUP(B10,'PCF-Werte Rittal'!A:A,'PCF-Werte Rittal'!O:O) -> Internally
A11: =_xlfn.XLOOKUP(B11,'PCF-Werte Rittal'!A:A,'PCF-Werte Rittal'!C:C) -> 4028177815131 | B11: ='PCF-Werte Rittal'!A12 -> 1013.000 | C11: {=_xlfn.XLOOKUP(B11,'PCF-Werte Rittal'!A:A,IF('PCF-Werte Rittal'!D:D<>"",'PCF-Werte Rittal'!D:D,'PCF-Werte Rittal'!E:E),"")} -> 63.603708 | D11: =IF(_xlfn.XLOOKUP(B11,'PCF-Werte Rittal'!A:A,'PCF-Werte Rittal'!D:D,"")="","A1 - A3","A1 - D") -> A1 - A3 | E11: 1 | F11: PCE | G11: {=_xlfn.IFS(H11="2030-01","2025-01",H11="2031-01","2026-01")} -> 2026-01 | H11: =_xlfn.XLOOKUP(B11,'PCF-Werte Rittal'!A:A,'PCF-Werte Rittal'!K:K) -> 2031-01 | I11: =_xlfn.XLOOKUP(B11,'PCF-Werte Rittal'!A:A,'PCF-Werte Rittal'!O:O) -> Internally
A12: =_xlfn.XLOOKUP(B12,'PCF-Werte Rittal'!A:A,'PCF-Werte Rittal'!C:C) -> 4028177815018 | B12: ='PCF-Werte Rittal'!A13 -> 1014.000 | C12: {=_xlfn.XLOOKUP(B12,'PCF-Werte Rittal'!A:A,IF('PCF-Werte Rittal'!D:D<>"",'PCF-Werte Rittal'!D:D,'PCF-Werte Rittal'!E:E),"")} -> 134.5455 | D12: =IF(_xlfn.XLOOKUP(B12,'PCF-Werte Rittal'!A:A,'PCF-Werte Rittal'!D:D,"")="","A1 - A3","A1 - D") -> A1 - A3 | E12: 1 | F12: PCE | G12: {=_xlfn.IFS(H12="2030-01","2025-01",H12="2031-01","2026-01")} -> 2026-01 | H12: =_xlfn.XLOOKUP(B12,'PCF-Werte Rittal'!A:A,'PCF-Werte Rittal'!K:K) -> 2031-01 | I12: =_xlfn.XLOOKUP(B12,'PCF-Werte Rittal'!A:A,'PCF-Werte Rittal'!O:O) -> Internally
A13: =_xlfn.XLOOKUP(B13,'PCF-Werte Rittal'!A:A,'PCF-Werte Rittal'!C:C) -> 4028177815124 | B13: ='PCF-Werte Rittal'!A14 -> 1015.000 | C13: {=_xlfn.XLOOKUP(B13,'PCF-Werte Rittal'!A:A,IF('PCF-Werte Rittal'!D:D<>"",'PCF-Werte Rittal'!D:D,'PCF-Werte Rittal'!E:E),"")} -> 41.972494 | D13: =IF(_xlfn.XLOOKUP(B13,'PCF-Werte Rittal'!A:A,'PCF-Werte Rittal'!D:D,"")="","A1 - A3","A1 - D") -> A1 - A3 | E13: 1 | F13: PCE | G13: {=_xlfn.IFS(H13="2030-01","2025-01",H13="2031-01","2026-01")} -> 2026-01 | H13: =_xlfn.XLOOKUP(B13,'PCF-Werte Rittal'!A:A,'PCF-Werte Rittal'!K:K) -> 2031-01 | I13: =_xlfn.XLOOKUP(B13,'PCF-Werte Rittal'!A:A,'PCF-Werte Rittal'!O:O) -> Internally
A14: =_xlfn.XLOOKUP(B14,'PCF-Werte Rittal'!A:A,'PCF-Werte Rittal'!C:C) -> 4028177815025 | B14: ='PCF-Werte Rittal'!A15 -> 1016.000 | C14: {=_xlfn.XLOOKUP(B14,'PCF-Werte Rittal'!A:A,IF('PCF-Werte Rittal'!D:D<>"",'PCF-Werte Rittal'!D:D,'PCF-Werte Rittal'!E:E),"")} -> 172.68449 | D14: =IF(_xlfn.XLOOKUP(B14,'PCF-Werte Rittal'!A:A,'PCF-Werte Rittal'!D:D,"")="","A1 - A3","A1 - D") -> A1 - A3 | E14: 1 | F14: PCE | G14: {=_xlfn.IFS(H14="2030-01","2025-01",H14="2031-01","2026-01")} -> 2026-01 | H14: =_xlfn.XLOOKUP(B14,'PCF-Werte Rittal'!A:A,'PCF-Werte Rittal'!K:K) -> 2031-01 | I14: =_xlfn.XLOOKUP(B14,'PCF-Werte Rittal'!A:A,'PCF-Werte Rittal'!O:O) -> Internally
... A615: =_xlfn.XLOOKUP(B615,'PCF-Werte Rittal'!A:A,'PCF-Werte Rittal'!C:C) -> 4069196002102 | B615: ='PCF-Werte Rittal'!A616 -> 9365.751 | C615: {=_xlfn.XLOOKUP(B615,'PCF-Werte Rittal'!A:A,IF('PCF-Werte Rittal'!D:D<>"",'PCF-Werte Rittal'!D:D,'PCF-Werte Rittal'!E:E),"")} -> 0.21143 | D615: =IF(_xlfn.XLOOKUP(B615,'PCF-Werte Rittal'!A:A,'PCF-Werte Rittal'!D:D,"")="","A1 - A3","A1 - D") -> A1 - A3 | E615: 1 | F615: PCE | G615: {=_xlfn.IFS(H615="2030-01","2025-01",H615="2031-01","2026-01")} -> 2026-01 | H615: =_xlfn.XLOOKUP(B615,'PCF-Werte Rittal'!A:A,'PCF-Werte Rittal'!K:K) -> 2031-01 | I615: =_xlfn.XLOOKUP(B615,'PCF-Werte Rittal'!A:A,'PCF-Werte Rittal'!O:O) -> Internally

Sheet Check Core Data Model
A1: Core Data Model | B1: Core Data Model | C1: Environmental Product Data Supplier Template | D1: Core Data Model | E1: Environmental Product Data Supplier Template | K1: Related predefined values | N1: Technical formating | S1: Localisation
A2: Group | B2: Name | C2: Feature name | D2: Definition | E2: Description | F2: Additional template explanation | G2: Example(s) | H2: ETIM Xchange ID | I2: ETIM Xchange Name | J2: Existing Spark Name | K2: Related UoM | L2: Name of LOV or Allowed Values (when applicable) | M2: Deafult Value or UoM (when applicable) | N2: Data type | O2: Max Length | P2: Technical Validation | Q2: Segment multi-value (attribute is part of a segment that can be repeated with different content/SKU) | R2: Attribute multi-value (attribute can be repeated with different content/SKU) | S2: Multilingual (attribute can exist in different languages/SKU) | T2: OpCo Localisation (attribute content can be different per OpCo/SKU) | U2: Supplier Localisation (attribute content can be different per supplier/SKU) | V2: Country/OpCo specific attribute (attribute only exists for given OpCo/Country)
A3: Categorisation | B3: ETIM Class Code | C3: ETIM Class | D3: The code/ID of the specific ETIM class. | E3: The code/ID of the specific class in the ETIM 10 model. | F3: Currently the template is based on ETIM 10 | G3: EC000042 | H3: EX000123 | I3: EtimClassCode | J3: etimClass | K3: N/A | L3: See ETIM Model | M3: N/A | N3: LOV | O3: 8 | P3: Code consists of EC + 6 numbers | Q3: TRUE | R3: FALSE | S3: FALSE | T3: FALSE | U3: FALSE | V3: FALSE
A4: Supplier Identification | B4: Supplier Name | C4: Company name | D4: Company name or legal name of the supplier as given by the Supplier itself | E4: Name of the company that delivers and invoices products to Sonepar. Also called vendor. Often the supplier is also the manufacturer of the products | G4: Schneider Electric S.A. | H4: EX000021 | I4: SupplierName | J4: TBD | K4: N/A | L4: N/A | M4: N/A | N4: STRING | O4: 80 | P4: First letter is capital length <=80 | Q4: FALSE | R4: FALSE | S4: FALSE | T4: FALSE | U4: FALSE | V4: FALSE
A5: Product Identification | B5: GTIN | C5: GTIN/EAN number | D5: Global Trade Item Number (GTIN) is a worldwide unique code based on the global GS1-standard. A GTIN consists of max. 14 digits where the last digit is a “check digit” calculated according to the GTIN validation rule. Every IT-system that stores the GTIN attribute MUST always be able to process 14 digits and apply the check digit validation. Each product and each package unit of the product within the packaging hierarchy needs to have a unique GTIN. So for the screw, the box, the pallet, etc. The GTIN of the product (unpacked and non-orderable) can be the same as the GTIN for the smallest trade item in the hierarchy. A GTIN is the naming used for the code alone. When combined with a barcode, the naming for the symbol is either UPC or EAN. (In 2005 the organisations EAN and UCC merged their organisations into GS1). In a GTIN field the following codes (not symbols) can be stored: GTIN-12 (UPC-A): this is a 12-digit number used primarily in North America GTIN-8 (EAN/UCC-8): this is an 8-digit number used predominately outside of North America GTIN-13 (EAN/UCC-13): this is a 13-digit number used predominately outside of North America GTIN-14 (EAN/UCC-14 or ITF-14): this is a 14-digit number used to identify trade items at various packaging levels For more information go to GS1, Global Trade Item Number (GTIN) | GS1. | E5: Global Trade Item Number (GTIN) is a worldwide unique code based on the global GS1-standard. A GTIN consists of max. 14 digits where the last digit is a “check digit” calculated according to the GTIN validation rule. Also called EAN of UPC. For more information go to GS1, Global Trade Item Number (GTIN) | GS1. | F5: When EPD is applicable to a solution (= a combination of multiple different products that together make the final end-solution), please separate each of the products by adding an Excel row row per GTIN covered by the same carbon footprint in the EPD. Some environmental declarations (PEP / EPD) are established for a set of reference products (e.g., an air conditioning system composed of an indoor split unit and an outdoor heat pump). This field lists the GTIN of the associated reference products. Please separate the gtin numbers by ";" e.g. 145368234 ; 983614213 ; 456697665 | G5: 7630268400293 | H5: EX000038; EX000165; EX000235 | I5: ProductGtin; ItemGtin; PackagingGtin | J5: gtin | K5: N/A | L5: N/A | M5: N/A | N5: INTEGER | O5: 14 | P5: check GTIN validation length <=14 | Q5: FALSE | R5: FALSE | S5: FALSE | T5: FALSE | U5: FALSE | V5: FALSE
A6: Product Identification | B6: Manufacturer Product ID | C6: Manufacturer Product ID | D6: The unique identification given by the Manufacturer to the base or smallest item in the hierarchy, the actual product (mostly without packaging). This ID (or code) does not change per packaging level. The product is in the market often known by this Manufacturer Product ID and the technical specifications are connected to this code. When Manufacturer = Supplier, the Manufacturer Product ID is often equal to the Supplier Product ID of the smallest unit in the product of packaging hierarchy. | E6: The unique item number given to the base/smallest product by the Manufacturer. This number does not change per packaging level. This is the product code used for the actual product. This product ID is the code with which the product is often known in the market. The technical specifications are connected. Used for product identification if GTIN is not available | F6: Mainly used for product identification when a GTIN is not available | G6: 234-123 | H6: EX000037 | I6: ManufacturerProductNumber | J6: manufacturerRefId | K6: N/A | L6: N/A | M6: N/A | N6: STRING | O6: 50 | P6: length >=1 and <=50 | Q6: FALSE | R6: FALSE | S6: FALSE | T6: FALSE | U6: FALSE | V6: FALSE
A7: Sustainability | B7: Carbon Footprint Total | C7: Total carbon footprint (kg CO2-eq) | D7: The cumulative carbon footprint from all life stages. Ideally without Module D. According to EN 15804. The data must be provided for the declared unit which is either in kg CO2-eq per product (kg CO2 eq) or in kg CO2-eq per km (kg CO2 eq/km). The data is not to be given for a functional unit that normalises the carbon footprint, e.g. kg CO2-eq per 1000 lumens or kg CO2-eq per kW. When several mix versions are available, the data must be provided using the European electricity mix for the use phase as a priority. When the EPD is applicable to a solution (= a combination of multiple different products that together make the final end-solution), the carbon footprint must be given in separately for each of the products that are contained in the solution. | E7: all life stages Ideally without Module D, when EN 15804 is applied. The data must be provided for the declared unit (kg CO2-eq / product or kg CO2-eq / km) and not for a functional unit that normalise the carbon footprint (example of normalisation : kg CO2-eq / 1000 lumens, kg CO2-eq/ kW) The data should be provided using the European electricity mix for the use phase as a priority (when several mix versions are available). When EPD is a solution distinguish all CO2 on products composing this solution | F7: When the EPD is applicable to a solution (= a combination of multiple different products that together make the final end-solution), the carbon footprint must be given in a separate Excel row for each of the products that are contained in the solution. | G7: 455 | H7: EX000105; EX000107; EX000100; EX000101 | I7: Cumulation of all given data per Life Cycle Stage, except for stage D. Collect content from attributes: LifeCycleStage; DeclaredUnitGwpTotal; DeclaredUnitUnit; DeclaredUnitQuantity | K7: N/A | L7: N/A | M7: N/A | N7: NUMBER | Q7: FALSE | R7: FALSE | S7: FALSE | T7: FALSE | U7: FALSE | V7: FALSE
A8: Sustainability | B8: Carbon Footprint Manufacturing | C8: Manufacturing kg CO2-eq | D8: The cumulative carbon footprint from manufacturing phase. Also called production phase or A1; A2; A3 (cumulative) or A1-A3 according to EN 15804. The data must be provided for the declared unit which is either in kg CO2-eq per product (kg CO2 eq) or in kg CO2-eq per km (kg CO2 eq/km). The data is not to be given for a functional unit that normalises the carbon footprint, e.g. kg CO2-eq per 1000 lumens or kg CO2-eq per kW. | E8: also named production phase, or A1 to A3 if EN 15804 is applied | G8: 300 | H8: EX000105; EX000107; EX000100; EX000101 | I8: Attributes LifeCycleStage; DeclaredUnitGwpTotal; DeclaredUnitUnit; DeclaredUnitQuantity, when LifeCycleStage = A1; A2; A3 (cumulative) or A1-A3 | K8: N/A | L8: N/A | M8: N/A | N8: NUMBER | Q8: FALSE | R8: FALSE | S8: FALSE | T8: FALSE | U8: FALSE | V8: FALSE
A9: Sustainability | B9: Carbon Footprint Distribution | C9: Distribution kg CO2-eq | D9: The cumulative carbon footprint from distribution phase. Also called transport phase or A4 according to EN 15804. The data must be provided for the declared unit which is either in kg CO2-eq per product (kg CO2 eq) or in kg CO2-eq per km (kg CO2 eq/km). The data is not to be given for a functional unit that normalises the carbon footprint, e.g. kg CO2-eq per 1000 lumens or kg CO2-eq per kW. | E9: also named transport phase, or A4 if EN 15804 is applied | G9: 40 | H9: EX000105; EX000107; EX000100; EX000101 | I9: Attributes LifeCycleStage; DeclaredUnitGwpTotal; DeclaredUnitUnit; DeclaredUnitQuantity, when LifeCycleStage = A4 | K9: N/A | L9: N/A | M9: N/A | N9: NUMBER | Q9: FALSE | R9: FALSE | S9: FALSE | T9: FALSE | U9: FALSE | V9: FALSE
A10: Sustainability | B10: Carbon Footprint Installation | C10: Installation kg CO2-eq | D10: The cumulative carbon footprint from installation phase. Also called assembly phase or A5 according to EN 15804. The data must be provided for the declared unit which is either in kg CO2-eq per product (kg CO2 eq) or in kg CO2-eq per km (kg CO2 eq/km). The data is not to be given for a functional unit that normalises the carbon footprint, e.g. kg CO2-eq per 1000 lumens or kg CO2-eq per kW | E10: also named assembly phase, or A5 if EN 15804 is applied | G10: 10 | H10: EX000105; EX000107; EX000100; EX000101 | I10: Attributes LifeCycleStage; DeclaredUnitGwpTotal; DeclaredUnitUnit; DeclaredUnitQuantity, when LifeCycleStage = A5 | K10: N/A | L10: N/A | M10: N/A | N10: NUMBER | Q10: FALSE | R10: FALSE | S10: FALSE | T10: FALSE | U10: FALSE | V10: FALSE
A11: Sustainability | B11: Carbon Footprint Use Phase | C11: Use phase kg CO2-eq | D11: The cumulative carbon footprint from use phase. Also called operation phase or B1; B2; B3; B4; B5; B6; B7 (cumulative) or B1-B7 according to EN 15804. The data must be provided for the declared unit which is either in kg CO2-eq per product (kg CO2 eq) or in kg CO2-eq per km (kg CO2 eq/km). The data is not to be given for a functional unit that normalises the carbon footprint, e.g. kg CO2-eq per 1000 lumens or kg CO2-eq per kW. | E11: also named operation phase, or B1 to B7 if EN 15804 is applied | F11: When several mix versions are available, the data must be provided using the European electricity mix for the use phase as a priority. When the EPD is applicable to a solution (= a combination of multiple different products that together make the final end-solution), the carbon footprint must be given in a separate Excel row for each of the products that are contained in the solution. | G11: 50 | H11: EX000105; EX000107; EX000100; EX000101 | I11: Attributes LifeCycleStage; DeclaredUnitGwpTotal; DeclaredUnitUnit; DeclaredUnitQuantity, when LifeCycleStage = B1; B2; B3; B4; B5; B6; B7 (cumulative) or B1-B7 | K11: N/A | L11: N/A | M11: N/A | N11: NUMBER | Q11: FALSE | R11: FALSE | S11: FALSE | T11: FALSE | U11: FALSE | V11: FALSE
A12: Sustainability | B12: Carbon Footprint End-of-life | C12: End-of-life kg CO2-eq | D12: The cumulative carbon footprint from end-of-life phase. Als called C1; C2; C3; C4 (cumulative) or C1-C4 according to EN 15804. The data must be provided for the declared unit which is either in kg CO2-eq per product (kg CO2 eq) or in kg CO2-eq per km (kg CO2 eq/km). The data is not to be given for a functional unit that normalises the carbon footprint, e.g. kg CO2-eq per 1000 lumens or kg CO2-eq per kW. | E12: also named C1 to C4 if EN 15804 is applied | G12: 55 | H12: EX000105; EX000107; EX000100; EX000101 | I12: Attributes LifeCycleStage; DeclaredUnitGwpTotal; DeclaredUnitUnit; DeclaredUnitQuantity, when LifeCycleStage = C1; C2; C3; C4 (cumulative) or C1-C4 | K12: N/A | L12: N/A | M12: N/A | N12: NUMBER | Q12: FALSE | R12: FALSE | S12: FALSE | T12: FALSE | U12: FALSE | V12: FALSE
A13: Sustainability | B13: Carbon Footprint UoM | C13: kg CO2-eq/product or kg CO2-eq/km | D13: The unit of measure in which the Carbon Footprint is given. Note: for products that are often or mostly described or sold per length, such as cables, wires, cable trays, the carbon footprint must be provided in kg CO2-eq/km. Sonepar can provide a non-exhaustive list of ETIM classes where this applies. | E13: indicate the unit : kg CO2-eq / product or kg CO2-eq / km The carbon footprint shall be provided in kg CO2-eq / product. For linear products (such as cables, wires, cable tray), the carbon footprint shall be provided in kg CO2-eq/km. See the non-exhaustive ETIM class list related to linear products below. If the unit is different (e.g. kg CO₂-eq / kg), please provide a written explanation when returning this questionnaire. | F13: When the UoM is not equal to kg CO₂-eq, please provide a written explanation when returning this template. | G13: kg CO2-eq | H13: EX000107 | I13: DeclaredUnitGwpTotal | K13: kg CO2-eq; kg CO2-eq/km; kg CO2-eq/m2; kg CO2-eq/m3 | L13: N/A | M13: N/A | N13: LOV | Q13: TRUE | R13: FALSE | S13: FALSE | T13: FALSE | U13: FALSE | V13: FALSE
A14: Sustainability | B14: Use Phase Location | C14: Use phase location of carbon data (energy consuming or dissipating product) | D14: Use phase location of carbon data (energy consuming or dissipating product). The geographical area (country or region) used to determine the impact of the use phase in the EPD (including PEP ecopassport) or LCA. The data should ideally be provided using the European electricity mix for the use phase when several mix versions are available. | E14: Geographical area (country or region) used to determine the impact of the use phase in the EPD / PEP. The data should be provided using the European electricity mix for the use phase as a priority (when several mix versions are available). | H14: N/A | I14: N/A | K14: N/A | L14: ISO-3166 | M14: N/A | N14: LOV | P14: valid LOV value | Q14: TRUE | R14: FALSE | S14: FALSE | T14: FALSE | U14: FALSE | V14: FALSE
A15: Sustainability | B15: Carbon Footprint Expiry Date | C15: End of carbon footprint validity date | D15: The date after which the EPD (including PEP ecopassport) is no longer considered valid, unless it is renewed or reverified. For an EPD this is usually 5 years from the validity start date, unless otherwise specified by the program operator. | E15: EPDs/PEPs are published with a validity date. Please indicate the expiry date of the carbon footprint submitted. | G15: YYYY-MM-DD | H15: EX000280 | I15: EpdValidityExpiryDate | K15: N/A | L15: N/A | M15: N/A | N15: DATE | O15: 10 | P15: valid date | Q15: TRUE | R15: FALSE | S15: FALSE | T15: FALSE | U15: FALSE | V15: FALSE
A16: Digital Assets | B16: Asset URL Supplier | C16: Link to EPD or Carbon data document | D16: URL or file source path the where the digital asset is stored within the environment of the Supplier. Sonepar requests suppliers to use direct (downloadable) links only. | E16: web link | F16: Please deliver the direct downloadable URL to your EPD, LCA or other carbon data document. | G16: https://www.buytradeforce.com/wp-content/uploads/0001550001_Datasheet.pdf | H16: EX000029 | I16: AttachmentUri | K16: N/A | L16: N/A | M16: N/A | N16: URI-reference | O16: ? | P16: ? | Q16: TRUE | R16: FALSE | S16: FALSE | T16: TRUE | U16: TRUE | V16: FALSE
A17: Digital Assets | B17: Asset File Name | C17: EPD name | D17: The name under which the digital asset is stored. The name can be with or without the file extension. | E17: Indicate the EPD name or number. | F17: Enter the name of the file for which the URL is given, this can be an EPD, LCA ot other carbone data document. | G17: ABB-MCB XYZ.tiff | H17: EX000028 | I17: AttachmentFilename | K17: N/A | L17: N/A | M17: N/A | N17: STRING | O17: 255 | P17: length <= 255 | Q17: TRUE | R17: FALSE | S17: TRUE | T17: TRUE | U17: TRUE | V17: FALSE
A18: Sustainability | B18: PCR Repository Name | C18: PCR name or repository name followed | D18: A descriptive reference identifying the Product Category Rules (PCR) document used as the basis for the Environmental Product Declaration (EPD). The full title or name of the PCR or the PCR identification number, if applicable. | E18: EN 15 804, PCR-ed3-FR-2015 04 02 … | G18: PCR-ed3-FR-2015 04 02 | H18: EX0000275 | I18: ProductCategoryRulesDescription | K18: N/A | L18: N/A | M18: N/A | N18: STRING | O18: 100 | P18: length >=1 and <=100 | Q18: TRUE | R18: FALSE | S18: FALSE | T18: FALSE | U18: FALSE | V18: FALSE
A19: Sustainability | B19: Independent Verification | C19: Independent verification | D19: Third-party verification in the context of a Life Cycle Assessment (LCA) according to ISO 14025 refers to the independent assessment and validation of the data, methods, and results of the LCA study by an internal or external entity. This verification process ensures the credibility, accuracy, and transparency of the LCA. When "internal, then review must meet two essential conditions: 1) Independence of the verifier (i.e., not involved in the study and without any conflict of interest arising from their position within the company). 2) Competence (i.e., knowledge of the methodology, in particular ISO 14044, the relevant sector-specific reference documents, and knowledge of the sector for electrical and electronic products, HVAC, or construction, depending on the targeted product). | E19: Indicate whether an independent verification as required by ISO 14025:2006 (see chapter 8) has been done internally, externally or not. ISO 14025 provides that verification, even when conducted internally, must be carried out by an independent and competent expert for this task. Any internal review must meet two essential conditions: 1) Independence of the verifier (i.e., not involved in the study and without any conflict of interest arising from their position within the company). 2) Competence (i.e., knowledge of the methodology, in particular ISO 14044, the relevant sector-specific reference documents, and knowledge of the sector for electrical and electronic products, HVAC, or construction, depending on the targeted product). | G19: Externally | H19: EX000104 | I19: ThirdPartyVerification | K19: N/A | L19: None; Internally; Externally | M19: N/A | N19: LOV | P19: valid LOV value | Q19: TRUE | R19: FALSE | S19: FALSE | T19: FALSE | U19: FALSE | V19: FALSE
A20: Sustainability | B20: Use phase electricity mix (EPD or LCA) | C20: EPD or carbon data electricity mix (use phase) | D20: Carbon intensity of the electricity mix applied in the EPD or Carbon data for the use phase modelling. Electricity consumption is usually expressed in kWh. If the factor is in MJ, the supplier can multiply its factor per 3.6. g CO2-eq/kwh = g CO2-eq/MJ * 3.6. | E20: Carbon intensity of the electricity mix applied in the EPD or Carbon data for the use phase modelling. Electricity consumption is usually expressed in kWh. If the factor is in MJ, the supplier can multiply its factor per 3.6. g CO2-eq/kwh = g CO2-eq/MJ * 3.6. | H20: N/A | I20: N/A | K20: N/A | L20: N/A | M20: g CO2-eq/kWh | N20: NUMBER | Q20: FALSE | R20: FALSE | S20: FALSE | T20: FALSE | U20: FALSE | V20: FALSE
A21: Sustainability | B21: Use phase Product Energy Consumption | C21: Product energy consumption (use phase) | D21: Energy consumed by the product for the use phase as applied in the EPD. | E21: Energy consumed by the product for the use phase as applied in the EPD | H21: N/A | I21: N/A | K21: N/A | L21: N/A | M21: kWh | N21: NUMBER | Q21: FALSE | R21: FALSE | S21: FALSE | T21: FALSE | U21: FALSE | V21: FALSE
A22: Sustainability | B22: Product recycled content | C22: Product recycled content | D22: Indicator expressing the percentage content of recycled content in a product. Recycled content as defined in ISO 14021:2016 is the “ Proportion, by mass, of recycled material in a product. Only pre-consumer and post-consumer materials shall be considered as recycled content”. Pre-consumer material is the “ Material diverted from the waste stream during a manufacturing process. Excluded is reutilization of materials such as rework, regrind or scrap generated in a process and capable of being reclaimed within the same process that generated it.” Post-consumer material is the “ Material generated by households or by commercial, industrial and institutional facilities in their role as end-users of the product which can no longer be used for its intended purpose. This includes returns of material from the distribution chain”. The percentage shall be calculated according to ISO 14021:2016 requirements (see chapter 7.8.4 and Annex A). In case of multi-sourcing, a mass balance rolling average approach can be used. The packaging is also excluded. | E22: Indicator expressing the percentage content of recycled content in a product. Recycled content as defined in ISO 14021:2016 is the “ Proportion, by mass, of recycled material in a product. Only pre-consumer and post-consumer materials shall be considered as recycled content”. Pre-consumer material is the “ Material diverted from the waste stream during a manufacturing process. Excluded is reutilization of materials such as rework, regrind or scrap generated in a process and capable of being reclaimed within the same process that generated it.” Post-consumer material is the “ Material generated by households or by commercial, industrial and institutional facilities in their role as end-users of the product which can no longer be used for its intended purpose. This includes returns of material from the distribution chain”. The percentage shall be calculated according to ISO 14021:2016 requirements (see chapter 7.8.4 and Annex A). In case of multi-sourcing, a mass balance rolling average approach can be used. The packaging is also excluded. | G22: 5 (%) | H22: N/A | I22: N/A | K22: N/A | L22: N/A | M22: % | N22: NUMBER | Q22: FALSE | R22: FALSE | S22: FALSE | T22: FALSE | U22: FALSE | V22: FALSE
A23: Sustainability | B23: Primary Packaging Material Percentage Recycled | C23: Packaging recycled content | D23: The proportion (in percent) of recycled content contained in the primary packaging material (Plastics, Cardboard, Paper…) relative to its total weight. The primary packaging is the first layer to protect the product, of the first sellable item (consumer sales unit). Recycled content as defined in ISO 14021:2016 is the “Proportion, by mass, of recycled material in a product or packaging. Only pre-consumer and post-consumer materials shall be considered as recycled content”. Pre-consumer material is the “Material diverted from the waste stream during a manufacturing process. Excluded is reutilization of materials such as rework, regrind or scrap generated in a process and capable of being reclaimed within the same process that generated it.” Post-consumer material is the “Material generated by households or by commercial, industrial and institutional facilities in their role as end-users of the product which can no longer be used for its intended purpose. This includes returns of material from the distribution chain”. The percentage shall be calculated according to ISO 14021:2016 requirements (see chapter 7.8.4 and Annex A). In case of multi-sourcing, a mass balance rolling average approach can be used. | E23: Indicator measuring the content of recycled content in the primary packaging (Plastics, Cardboard, Paper…). The primary packaging is the first layer to protect the product : consumer sales unit. Recycled content as defined in ISO 14021:2016 is the “ Proportion, by mass, of recycled material in a product or packaging. Only pre-consumer and post-consumer materials shall be considered as recycled content”. Pre-consumer material is the “ Material diverted from the waste stream during a manufacturing process. Excluded is reutilization of materials such as rework, regrind or scrap generated in a process and capable of being reclaimed within the same process that generated it.” Post-consumer material is the “ Material generated by households or by commercial, industrial and institutional facilities in their role as end-users of the product which can no longer be used for its intended purpose. This includes returns of material from the distribution chain”. The percentage shall be calculated according to ISO 14021:2016 requirements (see chapter 7.8.4 and Annex A). In case of multi-sourcing, a mass balance rolling average approach can be used. | G23: 10 (%) | H23: N/A | I23: N/A | K23: N/A | L23: N/A | M23: % | N23: NUMBER | O23: 6 | P23: length<=6; max 2 decimals | Q23: TRUE | R23: FALSE | S23: FALSE | T23: FALSE | U23: FALSE | V23: FALSE
A24: Sustainability | B24: Renewable Primary Energy Share in Manufacturing | C24: Share of renewable primary energy used in manufacturing (EPD module A) | D24: As defined in EN 15804:2012 +A2:2019 section 7.2.4 "Indicators describing resource use and environmental information based on Life Cycle Inventory (LCI)". Indicator based on MJ, net calorific value. The percentage is calculated only on EPD Module A as follows: Total use of renewable primary energy resources (primary energy and primary energy resources used as raw materials) / [Total use of non-renewable primary energy resources (primary energy and primary energy resources used as raw materials) + Total use of renewable primary energy resources (primary energy and primary energy resources used as raw materials)] | E24: As defined in EN 15804:2012 +A2:2019 section 7.2.4 "Indicators describing resource use and environmental information based on Life Cycle Inventory (LCI)". Indicator based on Calculated based on MJ, net calorific value. The percentage is calculated only on Module A as follow : Total use of renewable primary energy resources (primary energy and primary energy resources used as raw materials) / [Total use of non-renewable primary energy resources (primary energy and primary energy resources used as raw materials) + Total use of renewable primary energy resources (primary energy and primary energy resources used as raw materials)] | H24: N/A | I24: N/A | K24: N/A | L24: N/A | M24: % | N24: NUMBER | Q24: FALSE | R24: FALSE | S24: FALSE | T24: FALSE | U24: FALSE | V24: FALSE
A25: Sustainability | B25: EPREL ID | C25: EU Energy Efficiency EPREL ID | D25: An EPREL ID is the unique number assigned to a product model in the EPREL database (European Product Registry for Energy Labelling), used to identify the model and retrieve its official label/product data. The ID is often part of a QR code on the EU energy label, which when scanned, will redirect consumers to the product details page from the public website. Also called EPREL Registration Number. For more info: https://eprel.ec.europa.eu/screen/home | E25: An EPREL ID is the unique number assigned to a product model in the EU’s EPREL energy-label database, used to identify the model (often via the QR code on the EU energy label) and retrieve its official label/product data. | H25: EX000261 | I25: EprelRegistrationNumber | K25: N/A | L25: N/A | M25: N/A | N25: STRING | O25: 19 | P25: length >=1 and <=19 | Q25: TRUE | R25: FALSE | S25: FALSE | T25: FALSE | U25: FALSE | V25: FALSE
A26: Sustainability | B26: EU Energy Efficiency Class | C26: EU Energy Efficiency Label | D26: The EU energy label rates products on a scale from A to G, where class A indicates the highest energy efficiency and class G the lowest. The letter shown for a specific model represents its energy efficiency class within that product category, based on EU test and calculation methods. | E26: The EU energy label rates products on a scale from A to G, where A indicates the highest energy efficiency and G the lowest. The letter shown for a specific model represents its efficiency within that product category, based on EU test and calculation methods. | G26: A | H26: N/A | I26: N/A | K26: N/A | L26: A; B; C; E; F; G | M26: N/A | N26: LOV | O26: length = 1 | P26: valid LOV value | Q26: FALSE | R26: FALSE | S26: FALSE | T26: FALSE | U26: FALSE | V26: FALSE
A27: Sustainability | B27: Indicator Second-hand | C27: Secondhand product (reused / refurbished / repaired) | D27: Indicator if a product is second-hand in relation to its circularity status: re-used, refurbished or repaired. - Re-use = any operation by which products or components that are not waste, are used again for the same purpose for which they were conceived. Source: Directive 2008/98/EC, https://eur-lex.europa.eu/legal-content/EN/TXT/?uri=CELEX%3A02008L0098-20240218. - Refurbishment = actions carried out to prepare, clean, test, service and, where necessary, repair a product or a discarded product in order to restore its performance or functionality within the intended use and range of performance originally conceived at the design stage at the time of the placing of the product on the market. Source: Regulation (EU) 2024/1781, ESRP, https://eur-lex.europa.eu/legal-content/EN/TXT/?uri=CELEX%3A32024R1781&qid=1719580391746. - Repair = one or more actions carried out to return a defective product or waste to a condition where it fulfils its intended purpose. Source: Regulation (EU) 2024/1781, ESRP, https://eur-lex.europa.eu/legal-content/EN/TXT/?uri=CELEX%3A32024R1781&qid=1719580391746. | E27: Indicator expressing whether a product has been refurbished, repaired, reused by a supplier. Re-use definition :" ‘re-use’ means any operation by which products or components that are not waste are used again for the same purpose for which they were conceived" (source: Directive 2008/98/EC, https://eur-lex.europa.eu/legal-content/EN/TXT/?uri=CELEX%3A02008L0098-20240218) Refurbishment definition : ‘refurbishment’ means actions carried out to prepare, clean, test, service and, where necessary, repair a product or a discarded product in order to restore its performance or functionality within the intended use and range of performance originally conceived at the design stage at the time of the placing of the product on the market. (source: Regulation (EU) 2024/1781, ESRP, https://eur-lex.europa.eu/legal-content/EN/TXT/?uri=CELEX%3A32024R1781&qid=1719580391746) Repair definition : ‘repair’ means one or more actions carried out to return a defective product or waste to a condition where it fulfils its intended purpose. (source: Regulation (EU) 2024/1781, ESRP, https://eur-lex.europa.eu/legal-content/EN/TXT/?uri=CELEX%3A32024R1781&qid=1719580391746) | G27: Refurbished | H27: EX000174 | I27: ItemCondition | K27: N/A | L27: Re-used; Refurbished; Repaired | M27: N/A | N27: LOV | P27: valid LOV value | Q27: TRUE | R27: FALSE | S27: FALSE | T27: FALSE | U27: FALSE | V27: FALSE
A28: Sustainability | B28: End-of-Life Instructions | C28: End-of-life instructions | D28: Indicator showing if instructions on how to safely handle the product at the end of its life are accessible to customers on the user manual, packaging or company website . This includes information on return and collection systems available to consumers, as well as a possible reminder not to dispose of WEEE with unsorted waste, but to collect it separately. Source: https://eur-lex.europa.eu/eli/dir/2012/19/2018-07-04/eng. Article 14of the 2012/19/EU WEEE directive. | E28: Indicator showing whether instructions on how to safely handle the product at the end of its life are accessible to customers on the user manual, packaging or company website . This includes information on return and collection systems available to consumers, as well as a possible reminder not to dispose of WEEE with unsorted waste, but to collect it separately. Source: https://eur-lex.europa.eu/eli/dir/2012/19/2018-07-04/eng. Article 14of the 2012/19/EU WEEE directive. | G28: TRUE | H28: N/A | I28: N/A | K28: N/A | L28: N/A | M28: N/A | N28: BOOLEAN | O28: 5 | P28: length <=5 | Q28: FALSE | R28: FALSE | S28: FALSE | T28: FALSE | U28: FALSE | V28: FALSE
A29: Sustainability | B29: Supplier Ecosolutions | C29: Supplier Sustainable or Environmentally Preferable Product | D29: “Supplier Sustainable or Environmentally Preferable Product” means the product is part of a supplier-designated range that is claimed to have a lower environmental impact than comparable conventional alternatives, and the claim is supported by verifiable, product-specific evidence (e.g., test results, certifications, LCAs, or documented attributes) that is available upon request. | E29: “Supplier Sustainable or Environmentally Preferable Product” means the product is part of a supplier-designated range that is claimed to have a lower environmental impact than comparable conventional alternatives, and the claim is supported by verifiable, product-specific evidence (e.g., test results, certifications, LCAs, or documented attributes) that is available upon request. | G29: TRUE | H29: N/A | I29: N/A | K29: N/A | L29: N/A | M29: N/A | N29: BOOLEAN | O29: 5 | P29: length <=5 | Q29: FALSE | R29: FALSE | S29: FALSE | T29: FALSE | U29: FALSE | V29: FALSE
A30: Sustainability | B30: Declared Unit ADPE | C30: N/A | D30: Abiotic Depletion Potential (ADPE) for minerals and metals (non-fossil resources) expressed in kg Sb eq. for the declared unit for the specified life cycle stage. It is a measure used to assess the environmental impact of resource depletion caused by human activities. It quantifies the potential depletion of non-renewable resources, by considering their scarcity and the energy required for extraction and processing. According to EN 15804; Also known as ADP Elements; Sb eq.= antimony-equivalents, a chemical element with the symbol Sb (Latin word stibium). | E30: N/A | G30: 0.0416 | H30: EX000114 | I30: DeclaredUnitAdpe | K30: N/A | L30: N/A | M30: kg Sb eq | N30: NUMBER | Q30: TRUE | R30: FALSE | S30: FALSE | T30: FALSE | U30: FALSE | V30: FALSE
A31: Sustainability | B31: Declared Unit ADPF | C31: N/A | D31: Abiotic Depletion Potential (ADPF) for fossil resources expressed in MJ for the declared unit for the specified life cycle stage. It is a measure used to assess the environmental impact of resource depletion caused by human activities. It quantifies the potential depletion of non-renewable resources, by considering their scarcity and the energy required for extraction and processing. According to EN 15804 | E31: N/A | G31: 0.00186 | H31: EX000115 | I31: DeclaredUnitAdpf | K31: N/A | L31: N/A | M31: MJ | N31: NUMBER | Q31: TRUE | R31: FALSE | S31: FALSE | T31: FALSE | U31: FALSE | V31: FALSE
A32: Sustainability | B32: Declared Unit AP | C32: N/A | D32: Acidification Potential (AP) expressed in mol H+ eq. for the declared unit for the specified life cycle stage. It quantifies the potential for a substance or activity to contribute to acid rain formation, typically by measuring the emissions of acidic compounds such as sulfur dioxide (SO2). According to EN 15804 | E32: N/A | G32: 2.88 | H32: EX000108 | I32: DeclaredUnitAp | K32: N/A | L32: N/A | M32: mol H+ eq | N32: NUMBER | Q32: TRUE | R32: FALSE | S32: FALSE | T32: FALSE | U32: FALSE | V32: FALSE
A33: Sustainability | B33: Declared Unit EP Fresh Water | C33: N/A | D33: Eutrophication Potential (EP) for aquatic fresh water expressed in kg P eq. for the declared unit for the specified life cycle stage. It is a measure of the potential environmental impact related to the excessive growth of algae and aquatic plants in water bodies due to the release of nutrients (primarily nitrogen and phosphorus) from a product. According to EN 15804 | E33: N/A | G33: 0.459 | H33: EX000109 | I33: DeclaredUnitEpFreshwater | K33: N/A | L33: N/A | M33: kg P eq | N33: NUMBER | Q33: TRUE | R33: FALSE | S33: FALSE | T33: FALSE | U33: FALSE | V33: FALSE
A34: Sustainability | B34: Declared Unit EP Marine | C34: N/A | D34: Eutrophication Potential (EP) for aquatic marine water expressed in kg N eq. for the declared unit for the specified life cycle stage. It is a measure of the potential environmental impact related to the excessive growth of algae and aquatic plants in water bodies due to the release of nutrients (primarily nitrogen and phosphorus) from a product. According to EN 15804 | E34: N/A | G34: 0.491 | H34: EX000110 | I34: DeclaredUnitEpMarine | K34: N/A | L34: N/A | M34: kg N eq | N34: NUMBER | Q34: TRUE | R34: FALSE | S34: FALSE | T34: FALSE | U34: FALSE | V34: FALSE
A35: Sustainability | B35: Declared Unit EP Terrestrial | C35: N/A | D35: Eutrophication Potential (EP) for terrestrial ecosystems expressed in mol N eq. for the declared unit for the specified life cycle stage. Terrestrial eutrophication refers to the process by which land ecosystems, such as forests or grasslands, become excessively enriched with nutrients, primarily nitrogen and phosphorus .According to EN 15804. | E35: N/A | G35: 4.9 | H35: EX000111 | I35: DeclaredUnitEpTerrestrial | K35: N/A | L35: N/A | M35: mol N eq | N35: NUMBER | Q35: TRUE | R35: FALSE | S35: FALSE | T35: FALSE | U35: FALSE | V35: FALSE
A36: Sustainability | B36: Declared Unit ETPFW | C36: N/A | D36: Comparative Potential Toxic Unit for Ecosystems (ETP-fw). Indicator of the impact on freshwater organisms by toxic substances released into the environment, expressed in CTUe. According to EN 15804 | E36: N/A | G36: 11.3 | H36: EX000283 | I36: DeclaredUnitEtpfw | K36: N/A | L36: N/A | M36: CTUe | N36: NUMBER | Q36: TRUE | R36: FALSE | S36: FALSE | T36: FALSE | U36: FALSE | V36: FALSE
A37: Sustainability | B37: Declared Unit GWP Biogenic | C37: N/A | D37: Global Warming Potential from biogenic carbon – CO₂ absorbed and later released by organic materials (e.g., wood, biomass, plants). GWP Biogenic expressed in carbon dioxide equivalent (kg CO2-eq.) for the declared unit for the specified life cycle stage. According to EN 15804 | E37: N/A | G37: 166 | H37: EX000267 | I37: DeclaredUnitGwpBiogenic | K37: N/A | L37: N/A | M37: kg CO2-eq | N37: NUMBER | Q37: TRUE | R37: FALSE | S37: FALSE | T37: FALSE | U37: FALSE | V37: FALSE
A38: Sustainability | B38: Declared Unit GWP Fossil | C38: N/A | D38: Global Warming Potential (GWP) from carbon dioxide (CO₂) and other greenhouse gases released from fossil fuel sources (e.g., coal, oil, natural gas combustion). GWP Fossil expressed in carbon dioxide equivalent (kg CO2-eq.) for the declared unit for the specified life cycle stage. According to EN 15804 | E38: N/A | G38: 112 | H38: EX000266 | I38: DeclaredUnitGwpFossil | K38: N/A | L38: N/A | M38: kg CO2-eq | N38: NUMBER | Q38: TRUE | R38: FALSE | S38: FALSE | T38: FALSE | U38: FALSE | V38: FALSE
A39: Sustainability | B39: Declared Unit GWP LULUC | C39: N/A | D39: GWP LULUC (Land Use and Land Use Change) is Global Warming Potential from carbon emissions due to land-use changes, such as deforestation, soil disturbance, and land conversion (e.g., forests to farmland). GWP LULUC expressed in carbon dioxide equivalent (kg CO2-eq.) for the declared unit for the specified life cycle stage. According to EN 15804 | E39: N/A | G39: 78 | H39: EX000268 | I39: DeclaredUnitGwpLuluc | K39: N/A | L39: N/A | M39: kg CO2-eq | N39: NUMBER | Q39: TRUE | R39: FALSE | S39: FALSE | T39: FALSE | U39: FALSE | V39: FALSE
A40: Sustainability | B40: Declared Unit HTPC | C40: N/A | D40: Human (comparative) Toxicity Potential - cancer effects (HTP-c). Indicator of the effect of carcinogenic toxic substances released into the environment on humans, expressed in CTUh. According to EN 15804 | E40: N/A | G40: 0.000000000677 | H40: EX000284 | I40: DeclaredUnitHtpc | K40: N/A | L40: N/A | M40: CTUh | N40: NUMBER | Q40: TRUE | R40: FALSE | S40: FALSE | T40: FALSE | U40: FALSE | V40: FALSE
A41: Sustainability | B41: Declared Unit HTPNC | C41: N/A | D41: Human (comparative) Toxicity Potential - non-cancer effects (HTP-nc). Indicator of the effect of non-carcinogenic toxic substances released into the environment on humans, expressed in CTUh. According to EN 15804 | E41: N/A | G41: 0.000000141 | H41: EX000285 | I41: DeclaredUnitHtpnc | K41: N/A | L41: N/A | M41: CTUh | N41: NUMBER | Q41: TRUE | R41: FALSE | S41: FALSE | T41: FALSE | U41: FALSE | V41: FALSE
A42: Sustainability | B42: Declared Unit IRP | C42: N/A | D42: Potential Human Exposure Efficiency relative to U235 (IRP). Indicator of damage to human health and ecosystems from radionuclide emissions, expressed in kBq U235 eq. According to EN 15804 | E42: N/A | G42: 0.224 | H42: EX000282 | I42: DeclaredUnitIrp | K42: N/A | L42: N/A | M42: kBq U235 eq | N42: NUMBER | Q42: TRUE | R42: FALSE | S42: FALSE | T42: FALSE | U42: FALSE | V42: FALSE
A43: Sustainability | B43: Declared Unit ODP | C43: N/A | D43: Ozone Depletion Potential (ODP) expressed in kg CFC 11 eq. for the declared unit for the specified life cycle stage. It quantifies the potential harm caused by a product, particularly chlorofluorocarbons (CFCs), in reducing the protective ozone layer. ODP is expressed as a numerical value, with the reference substance being CFC-11, which has an ODP of 1. According to EN 15804; CFC 11 = Trichlorofluoromethane | E43: N/A | G43: 0.0000262 | H43: EX000113 | I43: DeclaredUnitOdp | K43: N/A | L43: N/A | M43: kg CFC 11 eq | N43: NUMBER | Q43: TRUE | R43: FALSE | S43: FALSE | T43: FALSE | U43: FALSE | V43: FALSE
A44: Sustainability | B44: Declared Unit PENRT | C44: N/A | D44: Total use of non-renewable primary energy resources (primary energy and primary energy resources used as raw materials) expressed in MJ for the declared unit for the specified life cycle stage. According to EN 15804 | E44: N/A | G44: 8380 | H44: EX000118 | I44: DeclaredUnitPenrt | K44: N/A | L44: N/A | M44: MJ | N44: NUMBER | Q44: TRUE | R44: FALSE | S44: FALSE | T44: FALSE | U44: FALSE | V44: FALSE
A45: Sustainability | B45: Declared Unit PERT | C45: N/A | D45: Total use of renewable primary energy resources (primary energy and primary energy resources used as raw materials) expressed in MJ for the declared unit for the specified life cycle stage. According to EN 15804 | E45: N/A | G45: 1420 | H45: EX000117 | I45: DeclaredUnitPert | K45: N/A | L45: N/A | M45: MJ | N45: NUMBER | Q45: TRUE | R45: FALSE | S45: FALSE | T45: FALSE | U45: FALSE | V45: FALSE
A46: Sustainability | B46: Declared Unit PM | C46: N/A | D46: Indicator of potential incidence of disease due to particulate matter (PM) emissions. According to EN 15804 | E46: N/A | G46: 0.000000379 | H46: EX000281 | I46: DeclaredUnitPm | K46: N/A | L46: N/A | M46: PM | N46: NUMBER | Q46: TRUE | R46: FALSE | S46: FALSE | T46: FALSE | U46: FALSE | V46: FALSE
A47: Sustainability | B47: Declared Unit POCP | C47: N/A | D47: Photochemical Ozone Creation Potential (POCP) expressed in kg NMVOC eq. for the declared unit for the specified life cycle stage. It is a measure used to assess the potential of a product to contribute to the formation of ground-level ozone, a harmful air pollutant. It quantifies the product’s ability to react with other pollutants and sunlight to produce ozone in the lower atmosphere, which can have detrimental effects on human health and the environment. According to EN 15804; Non-methane volatile organic compounds (NMVOCs). | E47: N/A | G47: 1.25 | H47: EX000112 | I47: DeclaredUnitPocp | K47: N/A | L47: N/A | M47: kg NMVOC eq | N47: NUMBER | Q47: TRUE | R47: FALSE | S47: FALSE | T47: FALSE | U47: FALSE | V47: FALSE
A48: Sustainability | B48: Declared Unit Quantity | C48: N/A | D48: A declared unit in a Life Cycle Assessment (LCA) is a specific quantity chosen to represent the product being assessed. It serves as a reference point for measuring the environmental impacts throughout its life cycle, allowing for meaningful comparisons between different products. In this field the quantity is given related to the field Declared Unit UoM | E48: N/A | G48: 1.5 | H48: EX000101 | I48: DeclaredUnitQuantity | K48: N/A | L48: N/A | M48: N/A | N48: NUMBER | O48: 16 | P48: length <=16 | Q48: TRUE | R48: FALSE | S48: FALSE | T48: FALSE | U48: FALSE | V48: FALSE
A49: Sustainability | B49: Declared Unit SQP | C49: N/A | D49: Potential Soil quality index (SQP). Indicator of measurement of changes in soil quality (biotic production, erosion resistance and mechanical filtration), expressed in Pt (points). According to EN 15804 | E49: N/A | G49: 4.24 | H49: EX000286 | I49: DeclaredUnitSqp | K49: N/A | L49: N/A | M49: Pt | N49: NUMBER | Q49: TRUE | R49: FALSE | S49: FALSE | T49: FALSE | U49: FALSE | V49: FALSE
A50: Sustainability | B50: Declared Unit UoM | C50: N/A | D50: A declared unit in a Life Cycle Assessment (LCA) is a specific quantity chosen to represent the product being assessed. It serves as a reference point for measuring the environmental impacts throughout its life cycle, allowing for meaningful comparisons between different products. In this field the unit of measurement is given related to the field Declared Unit Quantity | E50: N/A | G50: M2 | H50: EX000100 | I50: DeclaredUnitUnit | K50: Declared Unit UoM | L50: N/A | M50: N/A | N50: LOV | P50: valid LOV value | Q50: TRUE | R50: FALSE | S50: FALSE | T50: FALSE | U50: FALSE | V50: FALSE
A51: Sustainability | B51: Declared Unit WDP | C51: N/A | D51: Water Deprivation Potential (WDP) expressed in m3 world eq. deprived for the declared unit for the specified life cycle stage. It is a measure of the potential for water scarcity or deprivation caused by a product. It quantifies the strain on local and global water resources, considering both the consumption of water resources and the environmental consequences of that consumption, such as reduced water availability for ecosystems and other human uses. According to EN 15804; sometimes also referred to as water scarcity footprint (WSP) or deprivation-weighted water consumption. | E51: N/A | G51: 109 | H51: EX000116 | I51: DeclaredUnitWdp | K51: N/A | L51: N/A | M51: m3 world eq | N51: NUMBER | Q51: TRUE | R51: FALSE | S51: FALSE | T51: FALSE | U51: FALSE | V51: FALSE
A52: Sustainability | B52: EPD Operator Name | C52: N/A | D52: Name of the EPD program operator. An EPD program operator is an independent organization that manages the development and publication of Environmental Product Declarations (EPDs) in accordance with international standards such as ISO 14025 and EN 15804. | E52: N/A | G52: PEP ecopassport | H52: EX0000271 | I52: EpdOperatorName | K52: N/A | L52: N/A | M52: N/A | N52: STRING | O52: 100 | P52: length >=1 and <=100 | Q52: TRUE | R52: FALSE | S52: FALSE | T52: FALSE | U52: FALSE | V52: FALSE
A53: Sustainability | B53: EPD Operator URL | C53: N/A | D53: URL of the EPD program operator’s website. | E53: N/A | G53: https://www.pep-ecopassport.org | H53: EX0000272 | I53: EpdOperatorUri | K53: N/A | L53: N/A | M53: N/A | N53: URI-reference | P53: valid URL | Q53: TRUE | R53: FALSE | S53: FALSE | T53: FALSE | U53: FALSE | V53: FALSE
A54: Sustainability | B54: EPD Registration Date | C54: N/A | D54: The date on which the Environmental Product Declaration (EPD) becomes valid and may be publicly used or distributed. This is typically the publication date following third-party verification and registration by the EPD program operator. | E54: N/A | G54: YYYY-MM-DD | H54: EX000279 | I54: EpdValidityStartDate | K54: N/A | L54: N/A | M54: N/A | N54: DATE | O54: 10 | P54: valid date | Q54: TRUE | R54: FALSE | S54: FALSE | T54: FALSE | U54: FALSE | V54: FALSE
A55: Sustainability | B55: Functional Unit Description | C55: N/A | D55: A functional unit in a Life Cycle Assessment (LCA) is a quantified description of the specific purpose or function that a product or system is designed to fulfil. It serves as a reference point for evaluating the environmental impacts associated with the entire life cycle of that product. The functional unit provides a clear and standardized basis for comparing different alternatives and assessing their environmental performance. | E55: N/A | G55: To protect a power system against faults such as short circuit and overload, using an auxiliary voltage of 110 V DC, during a service life of 10 years and with a use rate of 100% in Europe | H55: EX000102 | I55: FunctionalUnitDescription | K55: N/A | L55: N/A | M55: N/A | N55: STRING | O55: 10000 | P55: length <=10000 | Q55: TRUE | R55: FALSE | S55: TRUE | T55: FALSE | U55: FALSE | V55: FALSE
A56: Sustainability | B56: LCA Declaration Indicator | C56: N/A | D56: Indicator that specifies for each life cycle stage if that LCA module is declared or not, or is not relevant. | E56: N/A | G56: MDE (Module declared) | H56: EX000106 | I56: LcaDeclarationIndicator | K56: N/A | L56: MDE; MND; MNR; AGG | M56: N/A | N56: LOV | P56: valid LOV value | Q56: TRUE | R56: FALSE | S56: FALSE | T56: FALSE | U56: FALSE | V56: FALSE
A57: Sustainability | B57: LCA Declared Unit GWP Total | C57: N/A | D57: Total Global Warming Potential (GWP) expressed in carbon dioxide equivalent (kg CO2-eq.) for the declared unit for the specified life cycle stage. GWP quantifies the cumulative impact of greenhouse gas emissions associated with a product. It aggregates emissions of various greenhouse gases (e.g., carbon dioxide, methane, nitrous oxide) into a single unit. According to EN 15804 | E57: N/A | G57: 455 | H57: EX000107 | I57: DeclaredUnitGwpTotal | K57: N/A | L57: N/A | M57: N/A | N57: NUMBER | Q57: TRUE | R57: FALSE | S57: FALSE | T57: FALSE | U57: FALSE | V57: FALSE
A58: Sustainability | B58: LCA Life Cycle Stage | C58: N/A | D58: A life cycle stage in the context of a Life Cycle Assessment (LCA) refers to a distinct phase or period within the product's overall life cycle. It typically includes stages such as raw material extraction, manufacturing, transportation, use, and end-of-life disposal. | E58: N/A | G58: A1-A3 | H58: EX000105 | I58: LifeCycleStage | K58: N/A | L58: Life Cycle Stage | M58: N/A | N58: LOV | P58: valid LOV value | Q58: TRUE | R58: FALSE | S58: FALSE | T58: FALSE | U58: FALSE | V58: FALSE
A59: Sustainability | B59: LCA Reference Life Time | C59: N/A | D59: Reference lifetime in the context of a Life Cycle Assessment (LCA) is the assumed or specified lifespan of a product in years, that is used as a basis for evaluating its environmental impacts throughout its entire life cycle. It serves as a benchmark against which various environmental factors such as resource consumption, emissions, and energy use are assessed. | E59: N/A | G59: 10 (years) | H59: EX000103 | I59: LcaReferenceLifetime | K59: N/A | L59: N/A | M59: Years | N59: INTEGER | Q59: TRUE | R59: FALSE | S59: FALSE | T59: FALSE | U59: FALSE | V59: FALSE
A60: Sustainability | B60: Manufacturer EPD ID | C60: N/A | D60: Unique (internal) identifier assigned by the manufacturer for the EPD. | E60: N/A | G60: 1VCD900083R0001 | H60: EX000274 | I60: ManufacturerEpdId | K60: N/A | L60: N/A | M60: N/A | N60: STRING | O60: 35 | P60: length >=1 and <=35 | Q60: TRUE | R60: FALSE | S60: FALSE | T60: FALSE | U60: FALSE | V60: FALSE
A61: Sustainability | B61: Operator EPD ID | C61: N/A | D61: Unique identifier assigned by the EPD program operator for the EPD | E61: N/A | G61: EATO-00006-V01.01 | H61: EX0000273 | I61: OperatorEpdId | K61: N/A | L61: N/A | M61: N/A | N61: STRING | O61: 35 | P61: length >=1 and <=35 | Q61: TRUE | R61: FALSE | S61: FALSE | T61: FALSE | U61: FALSE | V61: FALSE
A62: Sustainability | B62: Packaging Material Biodegradable | C62: N/A | D62: Biodegradable packaging material refers to a type of packaging made from materials that can naturally decompose by the action of microorganisms (such as bacteria, fungi, or algae) into water, carbon dioxide (or methane), and biomass within a reasonable period under specific environmental conditions, without leaving toxic residues. | E62: N/A | G62: FALSE | H62: EX000300 | I62: PackagingMaterialBiodegradable | K62: N/A | L62: N/A | M62: N/A | N62: BOOLEAN | O62: 5 | P62: legth <=5 | Q62: TRUE | R62: FALSE | S62: FALSE | T62: FALSE | U62: FALSE | V62: FALSE
A63: Sustainability | B63: Packaging Material Category | C63: N/A | D63: Packaging material category number according to the EU Packaging and Packaging Waste Regulation (PPWR) 2025/40, ANNEX II, Table 1 | E63: N/A | G63: 1 | H63: EX000302 | I63: PackagingMaterialCategory | K63: N/A | L63: Packaging Material Category | M63: N/A | N63: LOV | P63: valid LOV value | Q63: TRUE | R63: FALSE | S63: FALSE | T63: FALSE | U63: FALSE | V63: FALSE
A64: Sustainability | B64: Packaging Material Coloured | C64: N/A | D64: Packaging material that has been intentionally dyed, tinted, or pigmented so that it is not transparent or natural in appearance. Under the PPWR, “coloured” usually refers to plastics, glass, or other materials where added colourants may affect sorting efficiency, recyclability, or market value of recyclate. | E64: N/A | G64: TRUE | H64: EX000297 | I64: PackagingMaterialColoured | K64: N/A | L64: N/A | M64: N/A | N64: BOOLEAN | O64: 5 | P64: legth <=5 | Q64: TRUE | R64: FALSE | S64: FALSE | T64: FALSE | U64: FALSE | V64: FALSE
A65: Sustainability | B65: Packaging Material Composite | C65: N/A | D65: Packaging made from two or more different materials that are joined together into a single unit and cannot be separated by hand. It is considered composite unless one of the materials makes up only an insignificant share — in any case, not more than 5 % of the total mass of the packaging unit. Labels, varnishes, paints, inks, adhesives, and lacquers are not counted as separate materials. See more info: https://eur-lex.europa.eu/eli/reg/2025/40 | E65: N/A | G65: FALSE | H65: EX000292 | I65: CompositePackagingMaterial | K65: N/A | L65: N/A | M65: N/A | N65: BOOLEAN | O65: 5 | P65: legth <=5 | Q65: TRUE | R65: FALSE | S65: FALSE | T65: FALSE | U65: FALSE | V65: FALSE
A66: Sustainability | B66: Packaging Material Compostable | C66: N/A | D66: Compostable packaging is packaging that can biologically break down in controlled composting conditions into CO₂, water, and biomass without leaving harmful residues, and under PPWR it is only permitted for specific applications and must meet EU technical standards. | E66: N/A | G66: TRUE | H66: EX000299 | I66: PackagingMaterialCompostable | K66: N/A | L66: N/A | M66: N/A | N66: BOOLEAN | O66: 5 | P66: legth <=5 | Q66: TRUE | R66: FALSE | S66: FALSE | T66: FALSE | U66: FALSE | V66: FALSE
A67: Sustainability | B67: Packaging Material Percentage Recycled | C67: N/A | D67: The proportion (in percent) of recycled content contained in the packaging material, relative to its total weight. | E67: N/A | G67: 10 (%) | H67: EX000296 | I67: PackagingMaterialPercentageRecycled | K67: N/A | L67: N/A | M67: % | N67: NUMBER | O67: 6 | P67: length<=6; max 2 decimals | Q67: TRUE | R67: FALSE | S67: FALSE | T67: FALSE | U67: FALSE | V67: FALSE
A68: Sustainability | B68: Packaging Material Recyclable | C68: N/A | D68: Packaging that, after use, can be collected, separated, or otherwise diverted from the waste stream and reprocessed to produce new products, materials, or substances. Condition is that collection, separation, and recycling are technically feasible AND available to a sufficient proportion of consumers or communities. See PWWR 2025/40 article 6.2. | E68: N/A | G68: FALSE | H68: EX000298 | I68: PackagingMaterialRecyclable | K68: N/A | L68: N/A | M68: N/A | N68: BOOLEAN | O68: 5 | P68: legth <=5 | Q68: TRUE | R68: FALSE | S68: FALSE | T68: FALSE | U68: FALSE | V68: FALSE
A69: Sustainability | B69: Packaging Material Reusable | C69: N/A | D69: Indicator if the packaging has been conceived, designed and placed on the market to accomplish within its life cycle a minimum number of trips or rotations by being refilled or reused for the same purpose for which it was conceived. If the value is “false” then the packaging is for one time use only. | E69: N/A | G69: FALSE | H69: EX000301 | I69: PackagingMaterialReusable | K69: N/A | L69: N/A | M69: N/A | N69: BOOLEAN | O69: 5 | P69: legth <=5 | Q69: TRUE | R69: FALSE | S69: FALSE | T69: FALSE | U69: FALSE | V69: FALSE
A70: Sustainability | B70: Packaging Material Specification | C70: N/A | D70: A more detailed description of the predominant packaging material, providing additional information beyond the base material category. This field can be used to specify the exact type or variant of the material, including characteristics such as coatings, finishes, or treatments where relevant. | E70: N/A | G70: HDPE | H70: EX000293 | I70: PackagingMaterialSpecification | K70: N/A | L70: N/A | M70: N/A | N70: STRING | O70: 255 | P70: legth <=255 | Q70: TRUE | R70: FALSE | S70: FALSE | T70: FALSE | U70: FALSE | V70: FALSE
A71: Sustainability | B71: Packaging Material Type | C71: N/A | D71: Predominant packaging material according to the EU Packaging and Packaging Waste Regulation (PPWR) 2025/40, ANNEX II, Table 1 | E71: N/A | G71: GLASS | H71: EX000291 | I71: PackagingMaterialType | K71: N/A | L71: Packaging Material Type | M71: N/A | N71: LOV | P71: valid LOV value | Q71: TRUE | R71: FALSE | S71: FALSE | T71: FALSE | U71: FALSE | V71: FALSE
A72: Sustainability | B72: Packaging Material Weight | C72: N/A | D72: The weight of a specific packaging material within the packaging unit. Expressed in the unit of measurement as defined in PackagingMaterialWeightUnit. | E72: N/A | G72: 100 | H72: EX000294 | I72: PackagingMaterialWeight | K72: N/A | L72: N/A | M72: N/A | N72: NUMBER | O72: 17 | P72: length<=17; max 4 decimals | Q72: TRUE | R72: FALSE | S72: FALSE | T72: FALSE | U72: FALSE | V72: FALSE
A73: Sustainability | B73: Packaging Material Weight Unit | C73: N/A | D73: Unit of measurement, that gives meaning to values in the related weight field. | E73: N/A | G73: GRM | H73: EX000295 | I73: PackagingMaterialWeightUnit | K73: GRM (= Gram); KGM (= Kilogram); LBR (= Pound); LTN (= Imperial Ton/Long Ton); MGM (= Milligram); ONZ (= Ounce/Avoirdupois); TNE (= Metric Ton) | L73: N/A | M73: N/A | N73: LOV | P73: Valid UoM value | Q73: TRUE | R73: FALSE | S73: FALSE | T73: FALSE | U73: FALSE | V73: FALSE
A74: Sustainability | B74: PCR / Repository URL | C74: N/A | D74: URL where the PCR or repository document can be viewed/downloaded. | E74: N/A | G74: http://www.pep-ecopassport.org/fileadmin/user_upload/PEP-PCR-ed4-EN-2021_09_14.pdf | H74: EX0000276 | I74: ProductCategoryRulesUri | K74: N/A | L74: N/A | M74: N/A | N74: URI-reference | P74: valid URL | Q74: TRUE | R74: FALSE | S74: FALSE | T74: FALSE | U74: FALSE | V74: FALSE
A75: Sustainability | B75: PSR Description | C75: N/A | D75: A descriptive reference identifying the Product Specific Rules (PSR) document used as the basis for the Environmental Product Declaration (EPD). These rules complement the Product Category Rules (PCR) by providing additional methodological guidance or specifications tailored to a particular product type or sub-category. | E75: N/A | G75: PSR-0007-ed1.1-FR-2015 10 16 | H75: EX0000277 | I75: ProductSpecificRulesDescription | K75: N/A | L75: N/A | M75: N/A | N75: STRING | O75: 100 | P75: length >=1 and <=100 | Q75: TRUE | R75: FALSE | S75: FALSE | T75: FALSE | U75: FALSE | V75: FALSE
A76: Sustainability | B76: PSR URL | C76: N/A | D76: URL where the PSR document can be viewed/downloaded | E76: N/A | G76: http://www.pep-ecopassport.org/fileadmin/webmaster-fichiers/PSR0007-ed1.1-FR-2015_10_16-AppareilsElectriquesAutonomesdeSecurite.pdf | H76: EX000278 | I76: ProductSpecificRulesUri | K76: N/A | L76: N/A | M76: N/A | N76: URI-reference | P76: valid URL | Q76: TRUE | R76: FALSE | S76: FALSE | T76: FALSE | U76: FALSE | V76: FALSE
A77: Sustainability | B77: Recyclability Performance Grade | C77: N/A | D77: A classification system under the EU Packaging and Packaging Waste Regulation (PPWR) 2025/40, that assigns packaging to a grade based on the proportion of its material that can be effectively recycled. For more info: https://eur-lex.europa.eu/eli/reg/2025/40 | E77: N/A | G77: A | H77: EX000290 | I77: RecyclabilityPerformanceGrade | K77: N/A | L77: Recyclability Performance Grade | M77: N/A | N77: LOV | P77: valid LOV value | Q77: TRUE | R77: FALSE | S77: FALSE | T77: FALSE | U77: FALSE | V77: FALSE
